Workbook

Sheet Shivalik
A1: Subcontractor: | B1: Shivalik Enterprises
A2: State: | B2: Uttar Pradesh
A3: District: | B3: Shamli
A4: Block: | B4: Shamli
A5: PMC_No | B5: Invoice_Details | C5: Invoice_Date | D5: Invoice_No | E5: QTY (IN CUM) | F5: RATE | G5: Amount | H5: GST_SD_Amount | I5: Final_Amount | K5: Total_Amount | L5: UTR | M5: Advance Wise
H6: 0.18
J7: =A8 -> 66502
A8: 66502 | B8: Common village RMC Vehicle Work | C8: 45560 | D8: 1161 | E8: 8 | F8: 4350 | G8: =E8*F8 -> 34800 | H8: =G8*18% -> 6264 | I8: =G8+H8 -> 41064 | K8: 200000 | L8: 26-09-2024 NEFT/AXISP00544634823/RIUP24/1930/SHIVALIK CONSTRUCT/HDFC0000171 ₹ 2,00,000.00 | M8: =SUM(I8:I503)-SUM(K8:K503) -> 1471150
A9: 66502 | B9: Common village RMC Vehicle Work | C9: 45561 | D9: 1167 | E9: 8 | F9: 4350 | G9: =E9*F9 -> 34800 | H9: =G9*18% -> 6264 | I9: =G9+H9 -> 41064 | K9: 300000 | L9: 27-09-2024 NEFT/AXISP00545226911/RIUP24/1965/SHIVALIK CONSTRUCT/HDFC0000171 300000.00
A10: 66502 | B10: Common village RMC Vehicle Work | C10: 45561 | D10: 1168 | E10: 8 | F10: 4350 | G10: =E10*F10 -> 34800 | H10: =G10*18% -> 6264 | I10: =G10+H10 -> 41064 | K10: 300000 | L10: 30-09-2024 NEFT/AXISP00546297602/RIUP24/1988/SHIVALIK CONSTRUCT/HDFC0000171 300000.00
A11: 66502 | B11: Common village RMC Vehicle Work | C11: 45562 | D11: 1180 | E11: 8 | F11: 4700 | G11: =E11*F11 -> 37600 | H11: =G11*18% -> 6768 | I11: =G11+H11 -> 44368 | K11: 500000 | L11: 30-SEP-24-NEFT-HDFC0000171-SHIVALIK CONSTRUCTION-RIUP24/2010-YESIG42740274612 5,00,000.00
A12: 66502 | B12: Common village RMC Vehicle Work | C12: 45562 | D12: 1181 | E12: 8 | F12: 4700 | G12: =E12*F12 -> 37600 | H12: =G12*18% -> 6768 | I12: =G12+H12 -> 44368 | K12: 400000 | L12: 01-10-2024 NEFT/AXISP00547368151/RIUP24/2043/SHIVALIK CONSTRUCT/HDFC0000171 400000.00
A13: 66502 | B13: Common village RMC Vehicle Work | C13: 45562 | D13: 1182 | E13: 7 | F13: 4700 | G13: =E13*F13 -> 32900 | H13: =G13*18% -> 5922 | I13: =G13+H13 -> 38822 | K13: 300000 | L13: 01-10-2024 NEFT/AXISP00547368153/RIUP24/2055/SHIVALIK CONSTRUCT/HDFC0000171 300000.00
A14: 66502 | B14: Common village RMC Vehicle Work | C14: 45563 | D14: 1185 | E14: 8 | F14: 4350 | G14: =E14*F14 -> 34800 | H14: =G14*18% -> 6264 | I14: =G14+H14 -> 41064 | K14: 800000 | L14: 03-10-2024 NEFT/AXISP00548224892/RIUP24/2086/SHIVALIK CONSTRUCT/HDFC0000171 800000.00
A15: 66502 | B15: Common village RMC Vehicle Work | C15: 45563 | D15: 1187 | E15: 8 | F15: 4700 | G15: =E15*F15 -> 37600 | H15: =G15*18% -> 6768 | I15: =G15+H15 -> 44368 | K15: 1200000 | L15: 05-10-2024 NEFT/AXISP00549438817/RIUP24/2127/SHIVALIK CONSTRUCT/HDFC0000171 1200000.00
A16: 66502 | B16: Common village RMC Vehicle Work | C16: 45563 | D16: 1188 | E16: 8 | F16: 4700 | G16: =E16*F16 -> 37600 | H16: =G16*18% -> 6768 | I16: =G16+H16 -> 44368 | K16: 1500000 | L16: 08-10-2024 NEFT/AXISP00550880312/RIUP24/2142/SHIVALIK CONSTRUCT/HDFC0000171 1500000.00
A17: 66502 | B17: Common village RMC Vehicle Work | C17: 45563 | D17: 1191 | E17: 8 | F17: 4350 | G17: =E17*F17 -> 34800 | H17: =G17*18% -> 6264 | I17: =G17+H17 -> 41064 | K17: 1498500 | L17: 10-10-2024 NEFT/AXISP00552086078/RIUP24/2161/SHIVALIK CONSTRUCT/HDFC0000171 1498500.00
A18: 66502 | B18: Common village RMC Vehicle Work | C18: 45563 | D18: 1192 | E18: 8 | F18: 4700 | G18: =E18*F18 -> 37600 | H18: =G18*18% -> 6768 | I18: =G18+H18 -> 44368 | K18: 999000 | L18: 14-10-2024 NEFT/AXISP00553218012/RIUP24/2191/SHIVALIK CONSTRUCT/HDFC0000171 999000.00
A19: 66502 | B19: Common village RMC Vehicle Work | C19: 45564 | D19: 1199 | E19: 8 | F19: 4525 | G19: =E19*F19 -> 36200 | H19: =G19*18% -> 6516 | I19: =G19+H19 -> 42716 | K19: 199800 | L19: 15-10-2024 NEFT/AXISP00553688669/RIUP24/2201/SHIVALIK CONSTRUCT/HDFC0000171 199800.00
A20: 66502 | B20: Common village RMC Vehicle Work | C20: 45564 | D20: 1200 | E20: 8 | F20: 4700 | G20: =E20*F20 -> 37600 | H20: =G20*18% -> 6768 | I20: =G20+H20 -> 44368 | K20: 1198800 | L20: 19-10-2024 NEFT/AXISP00555842983/RIUP24/2248/SHIVALIK CONSTRUCT/HDFC0000171 1198800.00
... A39: 66502 | B39: Common village RMC Vehicle Work | C39: 45566 | D39: 1229 | E39: 7 | F39: 4700 | G39: =E39*F39 -> 32900 | H39: =G39*18% -> 5922 | I39: =G39+H39 -> 38822 | K39: 299700 | L39: 10-01-2025 NEFT/AXISP00597065257/RIUP24/2883/SHIVALIK CONSTRUCT/HDFC0000171 299700.00
A40: 66502 | B40: Common village RMC Vehicle Work | C40: 45566 | D40: 1230 | E40: 8 | F40: 4700 | G40: =E40*F40 -> 37600 | H40: =G40*18% -> 6768 | I40: =G40+H40 -> 44368
A41: 66502 | B41: Common village RMC Vehicle Work | C41: 45566 | D41: 1231 | E41: 8 | F41: 4700 | G41: =E41*F41 -> 37600 | H41: =G41*18% -> 6768 | I41: =G41+H41 -> 44368
A42: 66502 | B42: Common village RMC Vehicle Work | C42: 45566 | D42: 1232 | E42: 8 | F42: 4700 | G42: =E42*F42 -> 37600 | H42: =G42*18% -> 6768 | I42: =G42+H42 -> 44368
A43: 66502 | B43: Common village RMC Vehicle Work | C43: 45566 | D43: 1233 | E43: 7 | F43: 4700 | G43: =E43*F43 -> 32900 | H43: =G43*18% -> 5922 | I43: =G43+H43 -> 38822
A44: 66502 | B44: Common village RMC Vehicle Work | C44: 45566 | D44: 1234 | E44: 7 | F44: 4700 | G44: =E44*F44 -> 32900 | H44: =G44*18% -> 5922 | I44: =G44+H44 -> 38822
A45: 66502 | B45: Common village RMC Vehicle Work | C45: 45567 | D45: 1238 | E45: 8 | F45: 4700 | G45: =E45*F45 -> 37600 | H45: =G45*18% -> 6768 | I45: =G45+H45 -> 44368
A46: 66502 | B46: Common village RMC Vehicle Work | C46: 45567 | D46: 1239 | E46: 8 | F46: 4700 | G46: =E46*F46 -> 37600 | H46: =G46*18% -> 6768 | I46: =G46+H46 -> 44368
A47: 66502 | B47: Common village RMC Vehicle Work | C47: 45567 | D47: 1240 | E47: 8 | F47: 4700 | G47: =E47*F47 -> 37600 | H47: =G47*18% -> 6768 | I47: =G47+H47 -> 44368
A48: 66502 | B48: Common village RMC Vehicle Work | C48: 45567 | D48: 1241 | E48: 7.5 | F48: 4700 | G48: =E48*F48 -> 35250 | H48: =G48*18% -> 6345 | I48: =G48+H48 -> 41595
A49: 66502 | B49: Common village RMC Vehicle Work | C49: 45567 | D49: 1242 | E49: 7.5 | F49: 4700 | G49: =E49*F49 -> 35250 | H49: =G49*18% -> 6345 | I49: =G49+H49 -> 41595
A50: 66502 | B50: Common village RMC Vehicle Work | C50: 45567 | D50: 1243 | E50: 8 | F50: 4700 | G50: =E50*F50 -> 37600 | H50: =G50*18% -> 6768 | I50: =G50+H50 -> 44368
A51: 66502 | B51: Common village RMC Vehicle Work | C51: 45567 | D51: 1244 | E51: 7 | F51: 4700 | G51: =E51*F51 -> 32900 | H51: =G51*18% -> 5922 | I51: =G51+H51 -> 38822
... A97: 66502 | B97: Common village RMC Vehicle Work | C97: 45571 | D97: 1309 | E97: 5 | F97: 4700 | G97: =E97*F97 -> 23500 | H97: =G97*18% -> 4230 | I97: =G97+H97 -> 27730
A98: 66502 | B98: Common village RMC Vehicle Work | E98: 2.5 | F98: 4700 | G98: =E98*F98 -> 11750 | H98: =G98*18% -> 2115 | I98: =G98+H98 -> 13865
A99: 66502 | B99: Common village RMC Vehicle Work | C99: 45571 | D99: 1310 | E99: 8 | F99: 4700 | G99: =E99*F99 -> 37600 | H99: =G99*18% -> 6768 | I99: =G99+H99 -> 44368
A100: 66502 | B100: Common village RMC Vehicle Work | C100: 45571 | D100: 1311 | E100: 7 | F100: 4700 | G100: =E100*F100 -> 32900 | H100: =G100*18% -> 5922 | I100: =G100+H100 -> 38822
A101: 66502 | B101: Common village RMC Vehicle Work | C101: 45571 | D101: 1312 | E101: 7.5 | F101: 4700 | G101: =E101*F101 -> 35250 | H101: =G101*18% -> 6345 | I101: =G101+H101 -> 41595
A102: 66502 | B102: Common village RMC Vehicle Work | C102: 45572 | D102: 1316 | E102: 7 | F102: 4700 | G102: =E102*F102 -> 32900 | H102: =G102*18% -> 5922 | I102: =G102+H102 -> 38822
A103: 66502 | B103: Common village RMC Vehicle Work | C103: 45572 | D103: 1317 | E103: 7.5 | F103: 4700 | G103: =E103*F103 -> 35250 | H103: =G103*18% -> 6345 | I103: =G103+H103 -> 41595
A104: 66502 | B104: Common village RMC Vehicle Work | C104: 45572 | D104: 1318 | E104: 7.5 | F104: 4700 | G104: =E104*F104 -> 35250 | H104: =G104*18% -> 6345 | I104: =G104+H104 -> 41595
A105: 66502 | B105: Common village RMC Vehicle Work | C105: 45572 | D105: 1319 | E105: 8 | F105: 4700 | G105: =E105*F105 -> 37600 | H105: =G105*18% -> 6768 | I105: =G105+H105 -> 44368
A106: 66502 | B106: Common village RMC Vehicle Work | C106: 45572 | D106: 1320 | E106: 7 | F106: 4700 | G106: =E106*F106 -> 32900 | H106: =G106*18% -> 5922 | I106: =G106+H106 -> 38822
A107: 66502 | B107: Common village RMC Vehicle Work | C107: 45572 | D107: 1321 | E107: 7 | F107: 4525 | G107: =E107*F107 -> 31675 | H107: =G107*18% -> 5701.5 | I107: =G107+H107 -> 37376.5
A108: 66502 | B108: Common village RMC Vehicle Work | C108: 45572 | D108: 1322 | E108: 8 | F108: 4700 | G108: =E108*F108 -> 37600 | H108: =G108*18% -> 6768 | I108: =G108+H108 -> 44368
A109: 66502 | B109: Common village RMC Vehicle Work | C109: 45572 | D109: 1323 | E109: 8 | F109: 4350 | G109: =E109*F109 -> 34800 | H109: =G109*18% -> 6264 | I109: =G109+H109 -> 41064
A110: 66502 | B110: Common village RMC Vehicle Work | C110: 45572 | D110: 1324 | E110: 8 | F110: 4700 | G110: =E110*F110 -> 37600 | H110: =G110*18% -> 6768 | I110: =G110+H110 -> 44368
... A218: 66502 | B218: Common village RMC Vehicle Work | C218: 45583 | D218: 1473 | E218: 1.24 | F218: 4700 | G218: =E218*F218 -> 5828 | H218: =G218*18% -> 1049.04 | I218: =G218+H218 -> 6877.04
A219: 66502 | B219: Common village RMC Vehicle Work | E219: 6.76 | F219: 4700 | G219: =E219*F219 -> 31772 | H219: =G219*18% -> 5718.96 | I219: =G219+H219 -> 37490.96
A220: 66502 | B220: Common village RMC Vehicle Work | C220: 45583 | D220: 1474 | E220: 7 | F220: 4700 | G220: =E220*F220 -> 32900 | H220: =G220*18% -> 5922 | I220: =G220+H220 -> 38822
A221: 66502 | B221: Common village RMC Vehicle Work | C221: 45583 | D221: 1475 | E221: 8 | F221: 4700 | G221: =E221*F221 -> 37600 | H221: =G221*18% -> 6768 | I221: =G221+H221 -> 44368
A222: 66502 | B222: Common village RMC Vehicle Work | C222: 45584 | D222: 1479 | E222: 8 | F222: 4700 | G222: =E222*F222 -> 37600 | H222: =G222*18% -> 6768 | I222: =G222+H222 -> 44368
A223: 66502 | B223: Common village RMC Vehicle Work | C223: 45584 | D223: 1480 | E223: 7.5 | F223: 4350 | G223: =E223*F223 -> 32625 | H223: =G223*18% -> 5872.5 | I223: =G223+H223 -> 38497.5
A224: 66502 | B224: Common village RMC Vehicle Work | C224: 45584 | D224: 1481 | E224: 7.5 | F224: 4700 | G224: =E224*F224 -> 35250 | H224: =G224*18% -> 6345 | I224: =G224+H224 -> 41595
A225: 66502 | B225: Common village RMC Vehicle Work | C225: 45584 | D225: 1482 | E225: 7 | F225: 4700 | G225: =E225*F225 -> 32900 | H225: =G225*18% -> 5922 | I225: =G225+H225 -> 38822
A226: 66502 | B226: Common village RMC Vehicle Work | C226: 45584 | D226: 1483 | E226: 8 | F226: 4350 | G226: =E226*F226 -> 34800 | H226: =G226*18% -> 6264 | I226: =G226+H226 -> 41064
A227: 66502 | B227: Common village RMC Vehicle Work | C227: 45584 | D227: 1484 | E227: 6.5 | F227: 4350 | G227: =E227*F227 -> 28275 | H227: =G227*18% -> 5089.5 | I227: =G227+H227 -> 33364.5
A228: 66502 | B228: Common village RMC Vehicle Work | C228: 45584 | D228: 1485 | E228: 7 | F228: 4700 | G228: =E228*F228 -> 32900 | H228: =G228*18% -> 5922 | I228: =G228+H228 -> 38822
A229: 66502 | B229: Common village RMC Vehicle Work | C229: 45584 | D229: 1489 | E229: 8 | F229: 4350 | G229: =E229*F229 -> 34800 | H229: =G229*18% -> 6264 | I229: =G229+H229 -> 41064
A230: 66502 | B230: Common village RMC Vehicle Work | C230: 45585 | D230: 1491 | E230: 7.5 | F230: 4700 | G230: =E230*F230 -> 35250 | H230: =G230*18% -> 6345 | I230: =G230+H230 -> 41595
A231: 66502 | B231: Common village RMC Vehicle Work | C231: 45585 | D231: 1492 | E231: 8 | F231: 4350 | G231: =E231*F231 -> 34800 | H231: =G231*18% -> 6264 | I231: =G231+H231 -> 41064
... A345: 66502 | B345: Common village RMC Vehicle Work | C345: 45603 | D345: 1677 | E345: 1 | F345: 4700 | G345: =E345*F345 -> 4700 | H345: =G345*18% -> 846 | I345: =G345+H345 -> 5546
A346: 66502 | B346: Common village RMC Vehicle Work | E346: 7 | F346: 4700 | G346: =E346*F346 -> 32900 | H346: =G346*18% -> 5922 | I346: =G346+H346 -> 38822
A347: 66502 | B347: Common village RMC Vehicle Work | C347: 45603 | D347: 1678 | E347: 8 | F347: 4700 | G347: =E347*F347 -> 37600 | H347: =G347*18% -> 6768 | I347: =G347+H347 -> 44368
A348: 66502 | B348: Common village RMC Vehicle Work | C348: 45603 | D348: 1679 | E348: 8 | F348: 4700 | G348: =E348*F348 -> 37600 | H348: =G348*18% -> 6768 | I348: =G348+H348 -> 44368
A349: 66502 | B349: Common village RMC Vehicle Work | C349: 45604 | D349: 1685 | E349: 8 | F349: 4700 | G349: =E349*F349 -> 37600 | H349: =G349*18% -> 6768 | I349: =G349+H349 -> 44368
A350: 66502 | B350: Common village RMC Vehicle Work | C350: 45604 | D350: 1686 | E350: 8 | F350: 4700 | G350: =E350*F350 -> 37600 | H350: =G350*18% -> 6768 | I350: =G350+H350 -> 44368
A351: 66502 | B351: Common village RMC Vehicle Work | C351: 45604 | D351: 1688 | E351: 6.5 | F351: 4350 | G351: =E351*F351 -> 28275 | H351: =G351*18% -> 5089.5 | I351: =G351+H351 -> 33364.5
A352: 66502 | B352: Common village RMC Vehicle Work | C352: 45604 | D352: 1687 | E352: 8 | F352: 4700 | G352: =E352*F352 -> 37600 | H352: =G352*18% -> 6768 | I352: =G352+H352 -> 44368
A353: 66502 | B353: Common village RMC Vehicle Work | C353: 45604 | D353: 1689 | E353: 6.5 | F353: 4350 | G353: =E353*F353 -> 28275 | H353: =G353*18% -> 5089.5 | I353: =G353+H353 -> 33364.5
A354: 66502 | B354: Common village RMC Vehicle Work | C354: 45604 | D354: 1690 | E354: 8 | F354: 4700 | G354: =E354*F354 -> 37600 | H354: =G354*18% -> 6768 | I354: =G354+H354 -> 44368
A355: 66502 | B355: Common village RMC Vehicle Work | C355: 45605 | D355: 1691 | E355: 8 | F355: 4700 | G355: =E355*F355 -> 37600 | H355: =G355*18% -> 6768 | I355: =G355+H355 -> 44368
A356: 66502 | B356: Common village RMC Vehicle Work | C356: 45605 | D356: 1692 | E356: 8 | F356: 4700 | G356: =E356*F356 -> 37600 | H356: =G356*18% -> 6768 | I356: =G356+H356 -> 44368
A357: 66502 | B357: Common village RMC Vehicle Work | C357: 45605 | D357: 1693 | E357: 8 | F357: 4350 | G357: =E357*F357 -> 34800 | H357: =G357*18% -> 6264 | I357: =G357+H357 -> 41064
A358: 66502 | B358: Common village RMC Vehicle Work | C358: 45605 | D358: 1694 | E358: 8 | F358: 4350 | G358: =E358*F358 -> 34800 | H358: =G358*18% -> 6264 | I358: =G358+H358 -> 41064
... A502: 66502 | B502: Common village RMC Vehicle Work | C502: 45689 | D502: 2454 | E502: 7 | F502: 4350 | G502: =E502*F502 -> 30450 | H502: =G502*18% -> 5481 | I502: =G502+H502 -> 35931
D504: =SUM(D8:D503) -> 776497 | E504: =SUM(E8:E503) -> 3732 | F504: =SUM(F8:F503) -> 2282225 | G504: =SUM(G8:G503) -> 17210000 | H504: =SUM(H8:H503) -> 3097800 | I504: =SUM(I8:I503) -> 20307800 | K504: =SUM(K8:K503) -> 18836650 | M504: =SUM(M8:M503) -> 1471150
K505: =I504-K504 -> 1471150
F510: Shivalik Enterprises
F511: Updated on 24-05-2025
F512: Balance Payable | H512: =K505 -> 1471150

Sheet RMC-SUMMARY
B2: S. NO | C2: VILLAGE | D2: BLOCK | E2: UOM | F2: MZN | G2: QTY-1 | H2: QTY-2 | I2: QTY-3 | J2: QTY-4 | K2: QTY -5 | L2: QTY -6 | M2: QTY -7 | N2: QTY -8 | O2: QTY -9 | P2: QTY -10 | Q2: TOTAL RMC ISSUED | R2: WORK DONE AS PER SITE (RMT) | S2: AVG PER CUM (IN RMT)
B3: 1 | C3: AHAMADPUR | D3: THANABHAWAN | E3: CUM | G3: =SUMIF('[1]RMC-1'!$J$5:$J$42,'RMC-SUMMARY'!C3,'[1]RMC-1'!$F$5:$F$42) -> #VALUE! | H3: =SUMIF('[1]RMC-2'!$J$5:$J$89,'RMC-SUMMARY'!C3,'[1]RMC-2'!$F$5:$F$89) -> #VALUE! | I3: =SUMIF('[1]RMC-3'!$J$5:$J$54,'RMC-SUMMARY'!C3,'[1]RMC-3'!$F$5:$F$54) -> #VALUE! | J3: =SUMIF('[1]RMC-4'!$J$5:$J$63,'RMC-SUMMARY'!C3,'[1]RMC-4'!$F$5:$F$63) -> #VALUE! | K3: =SUMIF('[1]RMC-5'!$J$5:$J$85,'RMC-SUMMARY'!C3,'[1]RMC-5'!$F$5:$F$85) -> #VALUE! | L3: =SUMIF('[1]RMC-6'!$J$5:$J$92,'RMC-SUMMARY'!C3,'[1]RMC-6'!$F$5:$F$92) -> #VALUE! | M3: =SUMIF('[1]RMC-7'!$J$5:$J$90,'RMC-SUMMARY'!C3,'[1]RMC-7'!$F$5:$F$90) -> #VALUE! | N3: =SUMIF('[1]RMC-8'!$J$5:$J$90,'RMC-SUMMARY'!C3,'[1]RMC-8'!$F$5:$F$90) -> #VALUE! | O3: =SUMIF('[1]RMC-9'!$J$5:$J$90,'RMC-SUMMARY'!C3,'[1]RMC-9'!$F$5:$F$90) -> #VALUE! | P3: =SUMIF('[1]RMC-10'!$J$5:$J$90,'RMC-SUMMARY'!C3,'[1]RMC-10'!$F$5:$F$90) -> #VALUE! | Q3: =SUM(F3:P3) -> #VALUE! | R3: 275 | S3: =+R3/Q3 -> #VALUE! | U3: 0.45
B4: 2 | C4: AKARPUR FUSHGARH | D4: UNN | E4: CUM | G4: =SUMIF('[1]RMC-1'!$J$5:$J$42,'RMC-SUMMARY'!C4,'[1]RMC-1'!$F$5:$F$42) -> #VALUE! | H4: =SUMIF('[1]RMC-2'!$J$5:$J$89,'RMC-SUMMARY'!C4,'[1]RMC-2'!$F$5:$F$89) -> #VALUE! | I4: =SUMIF('[1]RMC-3'!$J$5:$J$54,'RMC-SUMMARY'!C4,'[1]RMC-3'!$F$5:$F$54) -> #VALUE! | J4: =SUMIF('[1]RMC-4'!$J$5:$J$63,'RMC-SUMMARY'!C4,'[1]RMC-4'!$F$5:$F$63) -> #VALUE! | K4: =SUMIF('[1]RMC-5'!$J$5:$J$85,'RMC-SUMMARY'!C4,'[1]RMC-5'!$F$5:$F$85) -> #VALUE! | L4: =SUMIF('[1]RMC-6'!$J$5:$J$92,'RMC-SUMMARY'!C4,'[1]RMC-6'!$F$5:$F$92) -> #VALUE! | M4: =SUMIF('[1]RMC-7'!$J$5:$J$90,'RMC-SUMMARY'!C4,'[1]RMC-7'!$F$5:$F$90) -> #VALUE! | N4: =SUMIF('[1]RMC-8'!$J$5:$J$90,'RMC-SUMMARY'!C4,'[1]RMC-8'!$F$5:$F$90) -> #VALUE! | O4: =SUMIF('[1]RMC-9'!$J$5:$J$90,'RMC-SUMMARY'!C4,'[1]RMC-9'!$F$5:$F$90) -> #VALUE! | P4: =SUMIF('[1]RMC-10'!$J$5:$J$90,'RMC-SUMMARY'!C4,'[1]RMC-10'!$F$5:$F$90) -> #VALUE! | Q4: =SUM(F4:P4) -> #VALUE! | R4: 250 | S4: =+R4/Q4 -> #VALUE!
B5: 3 | C5: ALIPUR | D5: KAIRANA | E5: CUM | G5: =SUMIF('[1]RMC-1'!$J$5:$J$42,'RMC-SUMMARY'!C5,'[1]RMC-1'!$F$5:$F$42) -> #VALUE! | H5: =SUMIF('[1]RMC-2'!$J$5:$J$89,'RMC-SUMMARY'!C5,'[1]RMC-2'!$F$5:$F$89) -> #VALUE! | I5: =SUMIF('[1]RMC-3'!$J$5:$J$54,'RMC-SUMMARY'!C5,'[1]RMC-3'!$F$5:$F$54) -> #VALUE! | J5: =SUMIF('[1]RMC-4'!$J$5:$J$63,'RMC-SUMMARY'!C5,'[1]RMC-4'!$F$5:$F$63) -> #VALUE! | K5: =SUMIF('[1]RMC-5'!$J$5:$J$85,'RMC-SUMMARY'!C5,'[1]RMC-5'!$F$5:$F$85) -> #VALUE! | L5: =SUMIF('[1]RMC-6'!$J$5:$J$92,'RMC-SUMMARY'!C5,'[1]RMC-6'!$F$5:$F$92) -> #VALUE! | M5: =SUMIF('[1]RMC-7'!$J$5:$J$90,'RMC-SUMMARY'!C5,'[1]RMC-7'!$F$5:$F$90) -> #VALUE! | N5: =SUMIF('[1]RMC-8'!$J$5:$J$90,'RMC-SUMMARY'!C5,'[1]RMC-8'!$F$5:$F$90) -> #VALUE! | O5: =SUMIF('[1]RMC-9'!$J$5:$J$90,'RMC-SUMMARY'!C5,'[1]RMC-9'!$F$5:$F$90) -> #VALUE! | P5: =SUMIF('[1]RMC-10'!$J$5:$J$90,'RMC-SUMMARY'!C5,'[1]RMC-10'!$F$5:$F$90) -> #VALUE! | Q5: =SUM(F5:P5) -> #VALUE! | R5: 2574 | S5: =+R5/Q5 -> #VALUE!
B6: 4 | C6: AURANGABAD GANDERWA | D6: THANABHAWAN | E6: CUM | G6: =SUMIF('[1]RMC-1'!$J$5:$J$42,'RMC-SUMMARY'!C6,'[1]RMC-1'!$F$5:$F$42) -> #VALUE! | H6: =SUMIF('[1]RMC-2'!$J$5:$J$89,'RMC-SUMMARY'!C6,'[1]RMC-2'!$F$5:$F$89) -> #VALUE! | I6: =SUMIF('[1]RMC-3'!$J$5:$J$54,'RMC-SUMMARY'!C6,'[1]RMC-3'!$F$5:$F$54) -> #VALUE! | J6: =SUMIF('[1]RMC-4'!$J$5:$J$63,'RMC-SUMMARY'!C6,'[1]RMC-4'!$F$5:$F$63) -> #VALUE! | K6: =SUMIF('[1]RMC-5'!$J$5:$J$85,'RMC-SUMMARY'!C6,'[1]RMC-5'!$F$5:$F$85) -> #VALUE! | L6: =SUMIF('[1]RMC-6'!$J$5:$J$92,'RMC-SUMMARY'!C6,'[1]RMC-6'!$F$5:$F$92) -> #VALUE! | M6: =SUMIF('[1]RMC-7'!$J$5:$J$90,'RMC-SUMMARY'!C6,'[1]RMC-7'!$F$5:$F$90) -> #VALUE! | N6: =SUMIF('[1]RMC-8'!$J$5:$J$90,'RMC-SUMMARY'!C6,'[1]RMC-8'!$F$5:$F$90) -> #VALUE! | O6: =SUMIF('[1]RMC-9'!$J$5:$J$90,'RMC-SUMMARY'!C6,'[1]RMC-9'!$F$5:$F$90) -> #VALUE! | P6: =SUMIF('[1]RMC-10'!$J$5:$J$90,'RMC-SUMMARY'!C6,'[1]RMC-10'!$F$5:$F$90) -> #VALUE! | Q6: =SUM(F6:P6) -> #VALUE! | R6: 275 | S6: =+R6/Q6 -> #VALUE!
B7: 5 | C7: BAJHERI | D7: UNN | E7: CUM | F7: 8 | G7: =SUMIF('[1]RMC-1'!$J$5:$J$42,'RMC-SUMMARY'!C7,'[1]RMC-1'!$F$5:$F$42) -> #VALUE! | H7: =SUMIF('[1]RMC-2'!$J$5:$J$89,'RMC-SUMMARY'!C7,'[1]RMC-2'!$F$5:$F$89) -> #VALUE! | I7: =SUMIF('[1]RMC-3'!$J$5:$J$54,'RMC-SUMMARY'!C7,'[1]RMC-3'!$F$5:$F$54) -> #VALUE! | J7: =SUMIF('[1]RMC-4'!$J$5:$J$63,'RMC-SUMMARY'!C7,'[1]RMC-4'!$F$5:$F$63) -> #VALUE! | K7: =SUMIF('[1]RMC-5'!$J$5:$J$85,'RMC-SUMMARY'!C7,'[1]RMC-5'!$F$5:$F$85) -> #VALUE! | L7: =SUMIF('[1]RMC-6'!$J$5:$J$92,'RMC-SUMMARY'!C7,'[1]RMC-6'!$F$5:$F$92) -> #VALUE! | M7: =SUMIF('[1]RMC-7'!$J$5:$J$90,'RMC-SUMMARY'!C7,'[1]RMC-7'!$F$5:$F$90) -> #VALUE! | N7: =SUMIF('[1]RMC-8'!$J$5:$J$90,'RMC-SUMMARY'!C7,'[1]RMC-8'!$F$5:$F$90) -> #VALUE! | O7: =SUMIF('[1]RMC-9'!$J$5:$J$90,'RMC-SUMMARY'!C7,'[1]RMC-9'!$F$5:$F$90) -> #VALUE! | P7: =SUMIF('[1]RMC-10'!$J$5:$J$90,'RMC-SUMMARY'!C7,'[1]RMC-10'!$F$5:$F$90) -> #VALUE! | Q7: =SUM(F7:P7) -> #VALUE! | R7: 1142 | S7: =+R7/Q7 -> #VALUE!
B8: 6 | C8: BALLAMAJRA | D8: UNN | E8: CUM | G8: =SUMIF('[1]RMC-1'!$J$5:$J$42,'RMC-SUMMARY'!C8,'[1]RMC-1'!$F$5:$F$42) -> #VALUE! | H8: =SUMIF('[1]RMC-2'!$J$5:$J$89,'RMC-SUMMARY'!C8,'[1]RMC-2'!$F$5:$F$89) -> #VALUE! | I8: =SUMIF('[1]RMC-3'!$J$5:$J$54,'RMC-SUMMARY'!C8,'[1]RMC-3'!$F$5:$F$54) -> #VALUE! | J8: =SUMIF('[1]RMC-4'!$J$5:$J$63,'RMC-SUMMARY'!C8,'[1]RMC-4'!$F$5:$F$63) -> #VALUE! | K8: =SUMIF('[1]RMC-5'!$J$5:$J$85,'RMC-SUMMARY'!C8,'[1]RMC-5'!$F$5:$F$85) -> #VALUE! | L8: =SUMIF('[1]RMC-6'!$J$5:$J$92,'RMC-SUMMARY'!C8,'[1]RMC-6'!$F$5:$F$92) -> #VALUE! | M8: =SUMIF('[1]RMC-7'!$J$5:$J$90,'RMC-SUMMARY'!C8,'[1]RMC-7'!$F$5:$F$90) -> #VALUE! | N8: =SUMIF('[1]RMC-8'!$J$5:$J$90,'RMC-SUMMARY'!C8,'[1]RMC-8'!$F$5:$F$90) -> #VALUE! | O8: =SUMIF('[1]RMC-9'!$J$5:$J$90,'RMC-SUMMARY'!C8,'[1]RMC-9'!$F$5:$F$90) -> #VALUE! | P8: =SUMIF('[1]RMC-10'!$J$5:$J$90,'RMC-SUMMARY'!C8,'[1]RMC-10'!$F$5:$F$90) -> #VALUE! | Q8: =SUM(F8:P8) -> #VALUE! | R8: 1184 | S8: =+R8/Q8 -> #VALUE!
B9: 7 | C9: BASSI CHUNDIYARI | D9: UNN | E9: CUM | G9: =SUMIF('[1]RMC-1'!$J$5:$J$42,'RMC-SUMMARY'!C9,'[1]RMC-1'!$F$5:$F$42) -> #VALUE! | H9: =SUMIF('[1]RMC-2'!$J$5:$J$89,'RMC-SUMMARY'!C9,'[1]RMC-2'!$F$5:$F$89) -> #VALUE! | I9: =SUMIF('[1]RMC-3'!$J$5:$J$54,'RMC-SUMMARY'!C9,'[1]RMC-3'!$F$5:$F$54) -> #VALUE! | J9: =SUMIF('[1]RMC-4'!$J$5:$J$63,'RMC-SUMMARY'!C9,'[1]RMC-4'!$F$5:$F$63) -> #VALUE! | K9: =SUMIF('[1]RMC-5'!$J$5:$J$85,'RMC-SUMMARY'!C9,'[1]RMC-5'!$F$5:$F$85) -> #VALUE! | L9: =SUMIF('[1]RMC-6'!$J$5:$J$92,'RMC-SUMMARY'!C9,'[1]RMC-6'!$F$5:$F$92) -> #VALUE! | M9: =SUMIF('[1]RMC-7'!$J$5:$J$90,'RMC-SUMMARY'!C9,'[1]RMC-7'!$F$5:$F$90) -> #VALUE! | N9: =SUMIF('[1]RMC-8'!$J$5:$J$90,'RMC-SUMMARY'!C9,'[1]RMC-8'!$F$5:$F$90) -> #VALUE! | O9: =SUMIF('[1]RMC-9'!$J$5:$J$90,'RMC-SUMMARY'!C9,'[1]RMC-9'!$F$5:$F$90) -> #VALUE! | P9: =SUMIF('[1]RMC-10'!$J$5:$J$90,'RMC-SUMMARY'!C9,'[1]RMC-10'!$F$5:$F$90) -> #VALUE! | Q9: =SUM(F9:P9) -> #VALUE! | R9: 1050 | S9: =+R9/Q9 -> #VALUE!
B10: 8 | C10: BENRA | D10: KAIRANA | E10: CUM | G10: =SUMIF('[1]RMC-1'!$J$5:$J$42,'RMC-SUMMARY'!C10,'[1]RMC-1'!$F$5:$F$42) -> #VALUE! | H10: =SUMIF('[1]RMC-2'!$J$5:$J$89,'RMC-SUMMARY'!C10,'[1]RMC-2'!$F$5:$F$89) -> #VALUE! | I10: =SUMIF('[1]RMC-3'!$J$5:$J$54,'RMC-SUMMARY'!C10,'[1]RMC-3'!$F$5:$F$54) -> #VALUE! | J10: =SUMIF('[1]RMC-4'!$J$5:$J$63,'RMC-SUMMARY'!C10,'[1]RMC-4'!$F$5:$F$63) -> #VALUE! | K10: =SUMIF('[1]RMC-5'!$J$5:$J$85,'RMC-SUMMARY'!C10,'[1]RMC-5'!$F$5:$F$85) -> #VALUE! | L10: =SUMIF('[1]RMC-6'!$J$5:$J$92,'RMC-SUMMARY'!C10,'[1]RMC-6'!$F$5:$F$92) -> #VALUE! | M10: =SUMIF('[1]RMC-7'!$J$5:$J$90,'RMC-SUMMARY'!C10,'[1]RMC-7'!$F$5:$F$90) -> #VALUE! | N10: =SUMIF('[1]RMC-8'!$J$5:$J$90,'RMC-SUMMARY'!C10,'[1]RMC-8'!$F$5:$F$90) -> #VALUE! | O10: =SUMIF('[1]RMC-9'!$J$5:$J$90,'RMC-SUMMARY'!C10,'[1]RMC-9'!$F$5:$F$90) -> #VALUE! | P10: =SUMIF('[1]RMC-10'!$J$5:$J$90,'RMC-SUMMARY'!C10,'[1]RMC-10'!$F$5:$F$90) -> #VALUE! | Q10: =SUM(F10:P10) -> #VALUE! | R10: 40 | S10: =+R10/Q10 -> #VALUE!
B11: 9 | C11: BHANERAUDDA | D11: THANABHAWAN | E11: CUM | F11: 8 | G11: =SUMIF('[1]RMC-1'!$J$5:$J$42,'RMC-SUMMARY'!C11,'[1]RMC-1'!$F$5:$F$42) -> #VALUE! | H11: =SUMIF('[1]RMC-2'!$J$5:$J$89,'RMC-SUMMARY'!C11,'[1]RMC-2'!$F$5:$F$89) -> #VALUE! | I11: =SUMIF('[1]RMC-3'!$J$5:$J$54,'RMC-SUMMARY'!C11,'[1]RMC-3'!$F$5:$F$54) -> #VALUE! | J11: =SUMIF('[1]RMC-4'!$J$5:$J$63,'RMC-SUMMARY'!C11,'[1]RMC-4'!$F$5:$F$63) -> #VALUE! | K11: =SUMIF('[1]RMC-5'!$J$5:$J$85,'RMC-SUMMARY'!C11,'[1]RMC-5'!$F$5:$F$85) -> #VALUE! | L11: =SUMIF('[1]RMC-6'!$J$5:$J$92,'RMC-SUMMARY'!C11,'[1]RMC-6'!$F$5:$F$92) -> #VALUE! | M11: =SUMIF('[1]RMC-7'!$J$5:$J$90,'RMC-SUMMARY'!C11,'[1]RMC-7'!$F$5:$F$90) -> #VALUE! | N11: =SUMIF('[1]RMC-8'!$J$5:$J$90,'RMC-SUMMARY'!C11,'[1]RMC-8'!$F$5:$F$90) -> #VALUE! | O11: =SUMIF('[1]RMC-9'!$J$5:$J$90,'RMC-SUMMARY'!C11,'[1]RMC-9'!$F$5:$F$90) -> #VALUE! | P11: =SUMIF('[1]RMC-10'!$J$5:$J$90,'RMC-SUMMARY'!C11,'[1]RMC-10'!$F$5:$F$90) -> #VALUE! | Q11: =SUM(F11:P11) -> #VALUE! | R11: 3588.2 | S11: =+R11/Q11 -> #VALUE!
B12: 10 | C12: BIBIPUR JALALABAD | D12: UNN | E12: CUM | G12: =SUMIF('[1]RMC-1'!$J$5:$J$42,'RMC-SUMMARY'!C12,'[1]RMC-1'!$F$5:$F$42) -> #VALUE! | H12: =SUMIF('[1]RMC-2'!$J$5:$J$89,'RMC-SUMMARY'!C12,'[1]RMC-2'!$F$5:$F$89) -> #VALUE! | I12: =SUMIF('[1]RMC-3'!$J$5:$J$54,'RMC-SUMMARY'!C12,'[1]RMC-3'!$F$5:$F$54) -> #VALUE! | J12: =SUMIF('[1]RMC-4'!$J$5:$J$63,'RMC-SUMMARY'!C12,'[1]RMC-4'!$F$5:$F$63) -> #VALUE! | K12: =SUMIF('[1]RMC-5'!$J$5:$J$85,'RMC-SUMMARY'!C12,'[1]RMC-5'!$F$5:$F$85) -> #VALUE! | L12: =SUMIF('[1]RMC-6'!$J$5:$J$92,'RMC-SUMMARY'!C12,'[1]RMC-6'!$F$5:$F$92) -> #VALUE! | M12: =SUMIF('[1]RMC-7'!$J$5:$J$90,'RMC-SUMMARY'!C12,'[1]RMC-7'!$F$5:$F$90) -> #VALUE! | N12: =SUMIF('[1]RMC-8'!$J$5:$J$90,'RMC-SUMMARY'!C12,'[1]RMC-8'!$F$5:$F$90) -> #VALUE! | O12: =SUMIF('[1]RMC-9'!$J$5:$J$90,'RMC-SUMMARY'!C12,'[1]RMC-9'!$F$5:$F$90) -> #VALUE! | P12: =SUMIF('[1]RMC-10'!$J$5:$J$90,'RMC-SUMMARY'!C12,'[1]RMC-10'!$F$5:$F$90) -> #VALUE! | Q12: =SUM(F12:P12) -> #VALUE! | R12: 850 | S12: =+R12/Q12 -> #VALUE!
B13: 11 | C13: DARGHAPUR | D13: UNN | E13: CUM | G13: =SUMIF('[1]RMC-1'!$J$5:$J$42,'RMC-SUMMARY'!C13,'[1]RMC-1'!$F$5:$F$42) -> #VALUE! | H13: =SUMIF('[1]RMC-2'!$J$5:$J$89,'RMC-SUMMARY'!C13,'[1]RMC-2'!$F$5:$F$89) -> #VALUE! | I13: =SUMIF('[1]RMC-3'!$J$5:$J$54,'RMC-SUMMARY'!C13,'[1]RMC-3'!$F$5:$F$54) -> #VALUE! | J13: =SUMIF('[1]RMC-4'!$J$5:$J$63,'RMC-SUMMARY'!C13,'[1]RMC-4'!$F$5:$F$63) -> #VALUE! | K13: =SUMIF('[1]RMC-5'!$J$5:$J$85,'RMC-SUMMARY'!C13,'[1]RMC-5'!$F$5:$F$85) -> #VALUE! | L13: =SUMIF('[1]RMC-6'!$J$5:$J$92,'RMC-SUMMARY'!C13,'[1]RMC-6'!$F$5:$F$92) -> #VALUE! | M13: =SUMIF('[1]RMC-7'!$J$5:$J$90,'RMC-SUMMARY'!C13,'[1]RMC-7'!$F$5:$F$90) -> #VALUE! | N13: =SUMIF('[1]RMC-8'!$J$5:$J$90,'RMC-SUMMARY'!C13,'[1]RMC-8'!$F$5:$F$90) -> #VALUE! | O13: =SUMIF('[1]RMC-9'!$J$5:$J$90,'RMC-SUMMARY'!C13,'[1]RMC-9'!$F$5:$F$90) -> #VALUE! | P13: =SUMIF('[1]RMC-10'!$J$5:$J$90,'RMC-SUMMARY'!C13,'[1]RMC-10'!$F$5:$F$90) -> #VALUE! | Q13: =SUM(F13:P13) -> #VALUE! | R13: 1139 | S13: =+R13/Q13 -> #VALUE!
B14: 12 | C14: DHAKORI JAMALPUR | D14: THANABHAWAN | E14: CUM | G14: =SUMIF('[1]RMC-1'!$J$5:$J$42,'RMC-SUMMARY'!C14,'[1]RMC-1'!$F$5:$F$42) -> #VALUE! | H14: =SUMIF('[1]RMC-2'!$J$5:$J$89,'RMC-SUMMARY'!C14,'[1]RMC-2'!$F$5:$F$89) -> #VALUE! | I14: =SUMIF('[1]RMC-3'!$J$5:$J$54,'RMC-SUMMARY'!C14,'[1]RMC-3'!$F$5:$F$54) -> #VALUE! | J14: =SUMIF('[1]RMC-4'!$J$5:$J$63,'RMC-SUMMARY'!C14,'[1]RMC-4'!$F$5:$F$63) -> #VALUE! | K14: =SUMIF('[1]RMC-5'!$J$5:$J$85,'RMC-SUMMARY'!C14,'[1]RMC-5'!$F$5:$F$85) -> #VALUE! | L14: =SUMIF('[1]RMC-6'!$J$5:$J$92,'RMC-SUMMARY'!C14,'[1]RMC-6'!$F$5:$F$92) -> #VALUE! | M14: =SUMIF('[1]RMC-7'!$J$5:$J$90,'RMC-SUMMARY'!C14,'[1]RMC-7'!$F$5:$F$90) -> #VALUE! | N14: =SUMIF('[1]RMC-8'!$J$5:$J$90,'RMC-SUMMARY'!C14,'[1]RMC-8'!$F$5:$F$90) -> #VALUE! | O14: =SUMIF('[1]RMC-9'!$J$5:$J$90,'RMC-SUMMARY'!C14,'[1]RMC-9'!$F$5:$F$90) -> #VALUE! | P14: =SUMIF('[1]RMC-10'!$J$5:$J$90,'RMC-SUMMARY'!C14,'[1]RMC-10'!$F$5:$F$90) -> #VALUE! | Q14: =SUM(F14:P14) -> #VALUE! | R14: 2659 | S14: =+R14/Q14 -> #VALUE!
B15: 13 | C15: DOKHPURA | D15: UNN | E15: CUM | G15: =SUMIF('[1]RMC-1'!$J$5:$J$42,'RMC-SUMMARY'!C15,'[1]RMC-1'!$F$5:$F$42) -> #VALUE! | H15: =SUMIF('[1]RMC-2'!$J$5:$J$89,'RMC-SUMMARY'!C15,'[1]RMC-2'!$F$5:$F$89) -> #VALUE! | I15: =SUMIF('[1]RMC-3'!$J$5:$J$54,'RMC-SUMMARY'!C15,'[1]RMC-3'!$F$5:$F$54) -> #VALUE! | J15: =SUMIF('[1]RMC-4'!$J$5:$J$63,'RMC-SUMMARY'!C15,'[1]RMC-4'!$F$5:$F$63) -> #VALUE! | K15: =SUMIF('[1]RMC-5'!$J$5:$J$85,'RMC-SUMMARY'!C15,'[1]RMC-5'!$F$5:$F$85) -> #VALUE! | L15: =SUMIF('[1]RMC-6'!$J$5:$J$92,'RMC-SUMMARY'!C15,'[1]RMC-6'!$F$5:$F$92) -> #VALUE! | M15: =SUMIF('[1]RMC-7'!$J$5:$J$90,'RMC-SUMMARY'!C15,'[1]RMC-7'!$F$5:$F$90) -> #VALUE! | N15: =SUMIF('[1]RMC-8'!$J$5:$J$90,'RMC-SUMMARY'!C15,'[1]RMC-8'!$F$5:$F$90) -> #VALUE! | O15: =SUMIF('[1]RMC-9'!$J$5:$J$90,'RMC-SUMMARY'!C15,'[1]RMC-9'!$F$5:$F$90) -> #VALUE! | P15: =SUMIF('[1]RMC-10'!$J$5:$J$90,'RMC-SUMMARY'!C15,'[1]RMC-10'!$F$5:$F$90) -> #VALUE! | Q15: =SUM(F15:P15) -> #VALUE! | R15: 1460 | S15: =+R15/Q15 -> #VALUE!
B16: 14 | C16: GAGOUR | D16: UNN | E16: CUM | G16: =SUMIF('[1]RMC-1'!$J$5:$J$42,'RMC-SUMMARY'!C16,'[1]RMC-1'!$F$5:$F$42) -> #VALUE! | H16: =SUMIF('[1]RMC-2'!$J$5:$J$89,'RMC-SUMMARY'!C16,'[1]RMC-2'!$F$5:$F$89) -> #VALUE! | I16: =SUMIF('[1]RMC-3'!$J$5:$J$54,'RMC-SUMMARY'!C16,'[1]RMC-3'!$F$5:$F$54) -> #VALUE! | J16: =SUMIF('[1]RMC-4'!$J$5:$J$63,'RMC-SUMMARY'!C16,'[1]RMC-4'!$F$5:$F$63) -> #VALUE! | K16: =SUMIF('[1]RMC-5'!$J$5:$J$85,'RMC-SUMMARY'!C16,'[1]RMC-5'!$F$5:$F$85) -> #VALUE! | L16: =SUMIF('[1]RMC-6'!$J$5:$J$92,'RMC-SUMMARY'!C16,'[1]RMC-6'!$F$5:$F$92) -> #VALUE! | M16: =SUMIF('[1]RMC-7'!$J$5:$J$90,'RMC-SUMMARY'!C16,'[1]RMC-7'!$F$5:$F$90) -> #VALUE! | N16: =SUMIF('[1]RMC-8'!$J$5:$J$90,'RMC-SUMMARY'!C16,'[1]RMC-8'!$F$5:$F$90) -> #VALUE! | O16: =SUMIF('[1]RMC-9'!$J$5:$J$90,'RMC-SUMMARY'!C16,'[1]RMC-9'!$F$5:$F$90) -> #VALUE! | P16: =SUMIF('[1]RMC-10'!$J$5:$J$90,'RMC-SUMMARY'!C16,'[1]RMC-10'!$F$5:$F$90) -> #VALUE! | Q16: =SUM(F16:P16) -> #VALUE! | R16: 150 | S16: =+R16/Q16 -> #VALUE!
B17: 15 | C17: GOGWAN | D17: KAIRANA | E17: CUM | G17: =SUMIF('[1]RMC-1'!$J$5:$J$42,'RMC-SUMMARY'!C17,'[1]RMC-1'!$F$5:$F$42) -> #VALUE! | H17: =SUMIF('[1]RMC-2'!$J$5:$J$89,'RMC-SUMMARY'!C17,'[1]RMC-2'!$F$5:$F$89) -> #VALUE! | I17: =SUMIF('[1]RMC-3'!$J$5:$J$54,'RMC-SUMMARY'!C17,'[1]RMC-3'!$F$5:$F$54) -> #VALUE! | J17: =SUMIF('[1]RMC-4'!$J$5:$J$63,'RMC-SUMMARY'!C17,'[1]RMC-4'!$F$5:$F$63) -> #VALUE! | K17: =SUMIF('[1]RMC-5'!$J$5:$J$85,'RMC-SUMMARY'!C17,'[1]RMC-5'!$F$5:$F$85) -> #VALUE! | L17: =SUMIF('[1]RMC-6'!$J$5:$J$92,'RMC-SUMMARY'!C17,'[1]RMC-6'!$F$5:$F$92) -> #VALUE! | M17: =SUMIF('[1]RMC-7'!$J$5:$J$90,'RMC-SUMMARY'!C17,'[1]RMC-7'!$F$5:$F$90) -> #VALUE! | N17: =SUMIF('[1]RMC-8'!$J$5:$J$90,'RMC-SUMMARY'!C17,'[1]RMC-8'!$F$5:$F$90) -> #VALUE! | O17: =SUMIF('[1]RMC-9'!$J$5:$J$90,'RMC-SUMMARY'!C17,'[1]RMC-9'!$F$5:$F$90) -> #VALUE! | P17: =SUMIF('[1]RMC-10'!$J$5:$J$90,'RMC-SUMMARY'!C17,'[1]RMC-10'!$F$5:$F$90) -> #VALUE! | Q17: =SUM(F17:P17) -> #VALUE! | R17: 1000 | S17: =+R17/Q17 -> #VALUE!
B18: 16 | C18: GOHARPUR | D18: SHAMLI | E18: CUM | G18: =SUMIF('[1]RMC-1'!$J$5:$J$42,'RMC-SUMMARY'!C18,'[1]RMC-1'!$F$5:$F$42) -> #VALUE! | H18: =SUMIF('[1]RMC-2'!$J$5:$J$89,'RMC-SUMMARY'!C18,'[1]RMC-2'!$F$5:$F$89) -> #VALUE! | I18: =SUMIF('[1]RMC-3'!$J$5:$J$54,'RMC-SUMMARY'!C18,'[1]RMC-3'!$F$5:$F$54) -> #VALUE! | J18: =SUMIF('[1]RMC-4'!$J$5:$J$63,'RMC-SUMMARY'!C18,'[1]RMC-4'!$F$5:$F$63) -> #VALUE! | K18: =SUMIF('[1]RMC-5'!$J$5:$J$85,'RMC-SUMMARY'!C18,'[1]RMC-5'!$F$5:$F$85) -> #VALUE! | L18: =SUMIF('[1]RMC-6'!$J$5:$J$92,'RMC-SUMMARY'!C18,'[1]RMC-6'!$F$5:$F$92) -> #VALUE! | M18: =SUMIF('[1]RMC-7'!$J$5:$J$90,'RMC-SUMMARY'!C18,'[1]RMC-7'!$F$5:$F$90) -> #VALUE! | N18: =SUMIF('[1]RMC-8'!$J$5:$J$90,'RMC-SUMMARY'!C18,'[1]RMC-8'!$F$5:$F$90) -> #VALUE! | O18: =SUMIF('[1]RMC-9'!$J$5:$J$90,'RMC-SUMMARY'!C18,'[1]RMC-9'!$F$5:$F$90) -> #VALUE! | P18: =SUMIF('[1]RMC-10'!$J$5:$J$90,'RMC-SUMMARY'!C18,'[1]RMC-10'!$F$5:$F$90) -> #VALUE! | Q18: =SUM(F18:P18) -> #VALUE! | R18: 850 | S18: =+R18/Q18 -> #VALUE!
B19: 17 | C19: JALALABAD RURAL | D19: THANABHAWAN | E19: CUM | G19: =SUMIF('[1]RMC-1'!$J$5:$J$42,'RMC-SUMMARY'!C19,'[1]RMC-1'!$F$5:$F$42) -> #VALUE! | H19: =SUMIF('[1]RMC-2'!$J$5:$J$89,'RMC-SUMMARY'!C19,'[1]RMC-2'!$F$5:$F$89) -> #VALUE! | I19: =SUMIF('[1]RMC-3'!$J$5:$J$54,'RMC-SUMMARY'!C19,'[1]RMC-3'!$F$5:$F$54) -> #VALUE! | J19: =SUMIF('[1]RMC-4'!$J$5:$J$63,'RMC-SUMMARY'!C19,'[1]RMC-4'!$F$5:$F$63) -> #VALUE! | K19: =SUMIF('[1]RMC-5'!$J$5:$J$85,'RMC-SUMMARY'!C19,'[1]RMC-5'!$F$5:$F$85) -> #VALUE! | L19: =SUMIF('[1]RMC-6'!$J$5:$J$92,'RMC-SUMMARY'!C19,'[1]RMC-6'!$F$5:$F$92) -> #VALUE! | M19: =SUMIF('[1]RMC-7'!$J$5:$J$90,'RMC-SUMMARY'!C19,'[1]RMC-7'!$F$5:$F$90) -> #VALUE! | N19: =SUMIF('[1]RMC-8'!$J$5:$J$90,'RMC-SUMMARY'!C19,'[1]RMC-8'!$F$5:$F$90) -> #VALUE! | O19: =SUMIF('[1]RMC-9'!$J$5:$J$90,'RMC-SUMMARY'!C19,'[1]RMC-9'!$F$5:$F$90) -> #VALUE! | P19: =SUMIF('[1]RMC-10'!$J$5:$J$90,'RMC-SUMMARY'!C19,'[1]RMC-10'!$F$5:$F$90) -> #VALUE! | Q19: =SUM(F19:P19) -> #VALUE! | R19: 688 | S19: =+R19/Q19 -> #VALUE!
B20: 18 | C20: JANIPUR | D20: THANABHAWAN | E20: CUM | G20: =SUMIF('[1]RMC-1'!$J$5:$J$42,'RMC-SUMMARY'!C20,'[1]RMC-1'!$F$5:$F$42) -> #VALUE! | H20: =SUMIF('[1]RMC-2'!$J$5:$J$89,'RMC-SUMMARY'!C20,'[1]RMC-2'!$F$5:$F$89) -> #VALUE! | I20: =SUMIF('[1]RMC-3'!$J$5:$J$54,'RMC-SUMMARY'!C20,'[1]RMC-3'!$F$5:$F$54) -> #VALUE! | J20: =SUMIF('[1]RMC-4'!$J$5:$J$63,'RMC-SUMMARY'!C20,'[1]RMC-4'!$F$5:$F$63) -> #VALUE! | K20: =SUMIF('[1]RMC-5'!$J$5:$J$85,'RMC-SUMMARY'!C20,'[1]RMC-5'!$F$5:$F$85) -> #VALUE! | L20: =SUMIF('[1]RMC-6'!$J$5:$J$92,'RMC-SUMMARY'!C20,'[1]RMC-6'!$F$5:$F$92) -> #VALUE! | M20: =SUMIF('[1]RMC-7'!$J$5:$J$90,'RMC-SUMMARY'!C20,'[1]RMC-7'!$F$5:$F$90) -> #VALUE! | N20: =SUMIF('[1]RMC-8'!$J$5:$J$90,'RMC-SUMMARY'!C20,'[1]RMC-8'!$F$5:$F$90) -> #VALUE! | O20: =SUMIF('[1]RMC-9'!$J$5:$J$90,'RMC-SUMMARY'!C20,'[1]RMC-9'!$F$5:$F$90) -> #VALUE! | P20: =SUMIF('[1]RMC-10'!$J$5:$J$90,'RMC-SUMMARY'!C20,'[1]RMC-10'!$F$5:$F$90) -> #VALUE! | Q20: =SUM(F20:P20) -> #VALUE! | R20: 1185 | S20: =+R20/Q20 -> #VALUE!
B21: 19 | C21: JHARKHERI | D21: KAIRANA | E21: CUM | G21: =SUMIF('[1]RMC-1'!$J$5:$J$42,'RMC-SUMMARY'!C21,'[1]RMC-1'!$F$5:$F$42) -> #VALUE! | H21: =SUMIF('[1]RMC-2'!$J$5:$J$89,'RMC-SUMMARY'!C21,'[1]RMC-2'!$F$5:$F$89) -> #VALUE! | I21: =SUMIF('[1]RMC-3'!$J$5:$J$54,'RMC-SUMMARY'!C21,'[1]RMC-3'!$F$5:$F$54) -> #VALUE! | J21: =SUMIF('[1]RMC-4'!$J$5:$J$63,'RMC-SUMMARY'!C21,'[1]RMC-4'!$F$5:$F$63) -> #VALUE! | K21: =SUMIF('[1]RMC-5'!$J$5:$J$85,'RMC-SUMMARY'!C21,'[1]RMC-5'!$F$5:$F$85) -> #VALUE! | L21: =SUMIF('[1]RMC-6'!$J$5:$J$92,'RMC-SUMMARY'!C21,'[1]RMC-6'!$F$5:$F$92) -> #VALUE! | M21: =SUMIF('[1]RMC-7'!$J$5:$J$90,'RMC-SUMMARY'!C21,'[1]RMC-7'!$F$5:$F$90) -> #VALUE! | N21: =SUMIF('[1]RMC-8'!$J$5:$J$90,'RMC-SUMMARY'!C21,'[1]RMC-8'!$F$5:$F$90) -> #VALUE! | O21: =SUMIF('[1]RMC-9'!$J$5:$J$90,'RMC-SUMMARY'!C21,'[1]RMC-9'!$F$5:$F$90) -> #VALUE! | P21: =SUMIF('[1]RMC-10'!$J$5:$J$90,'RMC-SUMMARY'!C21,'[1]RMC-10'!$F$5:$F$90) -> #VALUE! | Q21: =SUM(F21:P21) -> #VALUE! | R21: 103 | S21: =+R21/Q21 -> #VALUE!
B22: 20 | C22: KAJIPUR THIRWA | D22: THANABHAWAN | E22: CUM | G22: =SUMIF('[1]RMC-1'!$J$5:$J$42,'RMC-SUMMARY'!C22,'[1]RMC-1'!$F$5:$F$42) -> #VALUE! | H22: =SUMIF('[1]RMC-2'!$J$5:$J$89,'RMC-SUMMARY'!C22,'[1]RMC-2'!$F$5:$F$89) -> #VALUE! | I22: =SUMIF('[1]RMC-3'!$J$5:$J$54,'RMC-SUMMARY'!C22,'[1]RMC-3'!$F$5:$F$54) -> #VALUE! | J22: =SUMIF('[1]RMC-4'!$J$5:$J$63,'RMC-SUMMARY'!C22,'[1]RMC-4'!$F$5:$F$63) -> #VALUE! | K22: =SUMIF('[1]RMC-5'!$J$5:$J$85,'RMC-SUMMARY'!C22,'[1]RMC-5'!$F$5:$F$85) -> #VALUE! | L22: =SUMIF('[1]RMC-6'!$J$5:$J$92,'RMC-SUMMARY'!C22,'[1]RMC-6'!$F$5:$F$92) -> #VALUE! | M22: =SUMIF('[1]RMC-7'!$J$5:$J$90,'RMC-SUMMARY'!C22,'[1]RMC-7'!$F$5:$F$90) -> #VALUE! | N22: =SUMIF('[1]RMC-8'!$J$5:$J$90,'RMC-SUMMARY'!C22,'[1]RMC-8'!$F$5:$F$90) -> #VALUE! | O22: =SUMIF('[1]RMC-9'!$J$5:$J$90,'RMC-SUMMARY'!C22,'[1]RMC-9'!$F$5:$F$90) -> #VALUE! | P22: =SUMIF('[1]RMC-10'!$J$5:$J$90,'RMC-SUMMARY'!C22,'[1]RMC-10'!$F$5:$F$90) -> #VALUE! | Q22: =SUM(F22:P22) -> #VALUE! | R22: =1156+135 -> 1291 | S22: =+R22/Q22 -> #VALUE!
B23: 21 | C23: KARORI MEHARAMPUR | D23: SHAMLI | E23: CUM | G23: =SUMIF('[1]RMC-1'!$J$5:$J$42,'RMC-SUMMARY'!C23,'[1]RMC-1'!$F$5:$F$42) -> #VALUE! | H23: =SUMIF('[1]RMC-2'!$J$5:$J$89,'RMC-SUMMARY'!C23,'[1]RMC-2'!$F$5:$F$89) -> #VALUE! | I23: =SUMIF('[1]RMC-3'!$J$5:$J$54,'RMC-SUMMARY'!C23,'[1]RMC-3'!$F$5:$F$54) -> #VALUE! | J23: =SUMIF('[1]RMC-4'!$J$5:$J$63,'RMC-SUMMARY'!C23,'[1]RMC-4'!$F$5:$F$63) -> #VALUE! | K23: =SUMIF('[1]RMC-5'!$J$5:$J$85,'RMC-SUMMARY'!C23,'[1]RMC-5'!$F$5:$F$85) -> #VALUE! | L23: =SUMIF('[1]RMC-6'!$J$5:$J$92,'RMC-SUMMARY'!C23,'[1]RMC-6'!$F$5:$F$92) -> #VALUE! | M23: =SUMIF('[1]RMC-7'!$J$5:$J$90,'RMC-SUMMARY'!C23,'[1]RMC-7'!$F$5:$F$90) -> #VALUE! | N23: =SUMIF('[1]RMC-8'!$J$5:$J$90,'RMC-SUMMARY'!C23,'[1]RMC-8'!$F$5:$F$90) -> #VALUE! | O23: =SUMIF('[1]RMC-9'!$J$5:$J$90,'RMC-SUMMARY'!C23,'[1]RMC-9'!$F$5:$F$90) -> #VALUE! | P23: =SUMIF('[1]RMC-10'!$J$5:$J$90,'RMC-SUMMARY'!C23,'[1]RMC-10'!$F$5:$F$90) -> #VALUE! | Q23: =SUM(F23:P23) -> #VALUE! | R23: 627 | S23: =+R23/Q23 -> #VALUE!
B24: 22 | C24: KERTU | D24: UNN | E24: CUM | G24: =SUMIF('[1]RMC-1'!$J$5:$J$42,'RMC-SUMMARY'!C24,'[1]RMC-1'!$F$5:$F$42) -> #VALUE! | H24: =SUMIF('[1]RMC-2'!$J$5:$J$89,'RMC-SUMMARY'!C24,'[1]RMC-2'!$F$5:$F$89) -> #VALUE! | I24: =SUMIF('[1]RMC-3'!$J$5:$J$54,'RMC-SUMMARY'!C24,'[1]RMC-3'!$F$5:$F$54) -> #VALUE! | J24: =SUMIF('[1]RMC-4'!$J$5:$J$63,'RMC-SUMMARY'!C24,'[1]RMC-4'!$F$5:$F$63) -> #VALUE! | K24: =SUMIF('[1]RMC-5'!$J$5:$J$85,'RMC-SUMMARY'!C24,'[1]RMC-5'!$F$5:$F$85) -> #VALUE! | L24: =SUMIF('[1]RMC-6'!$J$5:$J$92,'RMC-SUMMARY'!C24,'[1]RMC-6'!$F$5:$F$92) -> #VALUE! | M24: =SUMIF('[1]RMC-7'!$J$5:$J$90,'RMC-SUMMARY'!C24,'[1]RMC-7'!$F$5:$F$90) -> #VALUE! | N24: =SUMIF('[1]RMC-8'!$J$5:$J$90,'RMC-SUMMARY'!C24,'[1]RMC-8'!$F$5:$F$90) -> #VALUE! | O24: =SUMIF('[1]RMC-9'!$J$5:$J$90,'RMC-SUMMARY'!C24,'[1]RMC-9'!$F$5:$F$90) -> #VALUE! | P24: =SUMIF('[1]RMC-10'!$J$5:$J$90,'RMC-SUMMARY'!C24,'[1]RMC-10'!$F$5:$F$90) -> #VALUE! | Q24: =SUM(F24:P24) -> #VALUE! | R24: 1290 | S24: =+R24/Q24 -> #VALUE!
B25: 23 | C25: KHANPUR | D25: SHAMLI | E25: CUM | G25: =SUMIF('[1]RMC-1'!$J$5:$J$42,'RMC-SUMMARY'!C25,'[1]RMC-1'!$F$5:$F$42) -> #VALUE! | H25: =SUMIF('[1]RMC-2'!$J$5:$J$89,'RMC-SUMMARY'!C25,'[1]RMC-2'!$F$5:$F$89) -> #VALUE! | I25: =SUMIF('[1]RMC-3'!$J$5:$J$54,'RMC-SUMMARY'!C25,'[1]RMC-3'!$F$5:$F$54) -> #VALUE! | J25: =SUMIF('[1]RMC-4'!$J$5:$J$63,'RMC-SUMMARY'!C25,'[1]RMC-4'!$F$5:$F$63) -> #VALUE! | K25: =SUMIF('[1]RMC-5'!$J$5:$J$85,'RMC-SUMMARY'!C25,'[1]RMC-5'!$F$5:$F$85) -> #VALUE! | L25: =SUMIF('[1]RMC-6'!$J$5:$J$92,'RMC-SUMMARY'!C25,'[1]RMC-6'!$F$5:$F$92) -> #VALUE! | M25: =SUMIF('[1]RMC-7'!$J$5:$J$90,'RMC-SUMMARY'!C25,'[1]RMC-7'!$F$5:$F$90) -> #VALUE! | N25: =SUMIF('[1]RMC-8'!$J$5:$J$90,'RMC-SUMMARY'!C25,'[1]RMC-8'!$F$5:$F$90) -> #VALUE! | O25: =SUMIF('[1]RMC-9'!$J$5:$J$90,'RMC-SUMMARY'!C25,'[1]RMC-9'!$F$5:$F$90) -> #VALUE! | P25: =SUMIF('[1]RMC-10'!$J$5:$J$90,'RMC-SUMMARY'!C25,'[1]RMC-10'!$F$5:$F$90) -> #VALUE! | Q25: =SUM(F25:P25) -> #VALUE! | R25: 1628 | S25: =+R25/Q25 -> #VALUE!
B26: 24 | C26: KHANPUR JATTAN | D26: UNN | E26: CUM | G26: =SUMIF('[1]RMC-1'!$J$5:$J$42,'RMC-SUMMARY'!C26,'[1]RMC-1'!$F$5:$F$42) -> #VALUE! | H26: =SUMIF('[1]RMC-2'!$J$5:$J$89,'RMC-SUMMARY'!C26,'[1]RMC-2'!$F$5:$F$89) -> #VALUE! | I26: =SUMIF('[1]RMC-3'!$J$5:$J$54,'RMC-SUMMARY'!C26,'[1]RMC-3'!$F$5:$F$54) -> #VALUE! | J26: =SUMIF('[1]RMC-4'!$J$5:$J$63,'RMC-SUMMARY'!C26,'[1]RMC-4'!$F$5:$F$63) -> #VALUE! | K26: =SUMIF('[1]RMC-5'!$J$5:$J$85,'RMC-SUMMARY'!C26,'[1]RMC-5'!$F$5:$F$85) -> #VALUE! | L26: =SUMIF('[1]RMC-6'!$J$5:$J$92,'RMC-SUMMARY'!C26,'[1]RMC-6'!$F$5:$F$92) -> #VALUE! | M26: =SUMIF('[1]RMC-7'!$J$5:$J$90,'RMC-SUMMARY'!C26,'[1]RMC-7'!$F$5:$F$90) -> #VALUE! | N26: =SUMIF('[1]RMC-8'!$J$5:$J$90,'RMC-SUMMARY'!C26,'[1]RMC-8'!$F$5:$F$90) -> #VALUE! | O26: =SUMIF('[1]RMC-9'!$J$5:$J$90,'RMC-SUMMARY'!C26,'[1]RMC-9'!$F$5:$F$90) -> #VALUE! | P26: =SUMIF('[1]RMC-10'!$J$5:$J$90,'RMC-SUMMARY'!C26,'[1]RMC-10'!$F$5:$F$90) -> #VALUE! | Q26: =SUM(F26:P26) -> #VALUE! | R26: 2550 | S26: =+R26/Q26 -> #VALUE!
B27: 25 | C27: KHEDA GADAI | D27: THANABHAWAN | E27: CUM | G27: =SUMIF('[1]RMC-1'!$J$5:$J$42,'RMC-SUMMARY'!C27,'[1]RMC-1'!$F$5:$F$42) -> #VALUE! | H27: =SUMIF('[1]RMC-2'!$J$5:$J$89,'RMC-SUMMARY'!C27,'[1]RMC-2'!$F$5:$F$89) -> #VALUE! | I27: =SUMIF('[1]RMC-3'!$J$5:$J$54,'RMC-SUMMARY'!C27,'[1]RMC-3'!$F$5:$F$54) -> #VALUE! | J27: =SUMIF('[1]RMC-4'!$J$5:$J$63,'RMC-SUMMARY'!C27,'[1]RMC-4'!$F$5:$F$63) -> #VALUE! | K27: =SUMIF('[1]RMC-5'!$J$5:$J$85,'RMC-SUMMARY'!C27,'[1]RMC-5'!$F$5:$F$85) -> #VALUE! | L27: =SUMIF('[1]RMC-6'!$J$5:$J$92,'RMC-SUMMARY'!C27,'[1]RMC-6'!$F$5:$F$92) -> #VALUE! | M27: =SUMIF('[1]RMC-7'!$J$5:$J$90,'RMC-SUMMARY'!C27,'[1]RMC-7'!$F$5:$F$90) -> #VALUE! | N27: =SUMIF('[1]RMC-8'!$J$5:$J$90,'RMC-SUMMARY'!C27,'[1]RMC-8'!$F$5:$F$90) -> #VALUE! | O27: =SUMIF('[1]RMC-9'!$J$5:$J$90,'RMC-SUMMARY'!C27,'[1]RMC-9'!$F$5:$F$90) -> #VALUE! | P27: =SUMIF('[1]RMC-10'!$J$5:$J$90,'RMC-SUMMARY'!C27,'[1]RMC-10'!$F$5:$F$90) -> #VALUE! | Q27: =SUM(F27:P27) -> #VALUE! | R27: 1948 | S27: =+R27/Q27 -> #VALUE!
B28: 26 | C28: KHERA KURTAN | D28: KANDHLA | E28: CUM | G28: =SUMIF('[1]RMC-1'!$J$5:$J$42,'RMC-SUMMARY'!C28,'[1]RMC-1'!$F$5:$F$42) -> #VALUE! | H28: =SUMIF('[1]RMC-2'!$J$5:$J$89,'RMC-SUMMARY'!C28,'[1]RMC-2'!$F$5:$F$89) -> #VALUE! | I28: =SUMIF('[1]RMC-3'!$J$5:$J$54,'RMC-SUMMARY'!C28,'[1]RMC-3'!$F$5:$F$54) -> #VALUE! | J28: =SUMIF('[1]RMC-4'!$J$5:$J$63,'RMC-SUMMARY'!C28,'[1]RMC-4'!$F$5:$F$63) -> #VALUE! | K28: =SUMIF('[1]RMC-5'!$J$5:$J$85,'RMC-SUMMARY'!C28,'[1]RMC-5'!$F$5:$F$85) -> #VALUE! | L28: =SUMIF('[1]RMC-6'!$J$5:$J$92,'RMC-SUMMARY'!C28,'[1]RMC-6'!$F$5:$F$92) -> #VALUE! | M28: =SUMIF('[1]RMC-7'!$J$5:$J$90,'RMC-SUMMARY'!C28,'[1]RMC-7'!$F$5:$F$90) -> #VALUE! | N28: =SUMIF('[1]RMC-8'!$J$5:$J$90,'RMC-SUMMARY'!C28,'[1]RMC-8'!$F$5:$F$90) -> #VALUE! | O28: =SUMIF('[1]RMC-9'!$J$5:$J$90,'RMC-SUMMARY'!C28,'[1]RMC-9'!$F$5:$F$90) -> #VALUE! | P28: =SUMIF('[1]RMC-10'!$J$5:$J$90,'RMC-SUMMARY'!C28,'[1]RMC-10'!$F$5:$F$90) -> #VALUE! | Q28: =SUM(F28:P28) -> #VALUE! | R28: 1500 | S28: =+R28/Q28 -> #VALUE!
B29: 27 | C29: KHERI BERAGI | D29: SHAMLI | E29: CUM | G29: =SUMIF('[1]RMC-1'!$J$5:$J$42,'RMC-SUMMARY'!C29,'[1]RMC-1'!$F$5:$F$42) -> #VALUE! | H29: =SUMIF('[1]RMC-2'!$J$5:$J$89,'RMC-SUMMARY'!C29,'[1]RMC-2'!$F$5:$F$89) -> #VALUE! | I29: =SUMIF('[1]RMC-3'!$J$5:$J$54,'RMC-SUMMARY'!C29,'[1]RMC-3'!$F$5:$F$54) -> #VALUE! | J29: =SUMIF('[1]RMC-4'!$J$5:$J$63,'RMC-SUMMARY'!C29,'[1]RMC-4'!$F$5:$F$63) -> #VALUE! | K29: =SUMIF('[1]RMC-5'!$J$5:$J$85,'RMC-SUMMARY'!C29,'[1]RMC-5'!$F$5:$F$85) -> #VALUE! | L29: =SUMIF('[1]RMC-6'!$J$5:$J$92,'RMC-SUMMARY'!C29,'[1]RMC-6'!$F$5:$F$92) -> #VALUE! | M29: =SUMIF('[1]RMC-7'!$J$5:$J$90,'RMC-SUMMARY'!C29,'[1]RMC-7'!$F$5:$F$90) -> #VALUE! | N29: =SUMIF('[1]RMC-8'!$J$5:$J$90,'RMC-SUMMARY'!C29,'[1]RMC-8'!$F$5:$F$90) -> #VALUE! | O29: =SUMIF('[1]RMC-9'!$J$5:$J$90,'RMC-SUMMARY'!C29,'[1]RMC-9'!$F$5:$F$90) -> #VALUE! | P29: =SUMIF('[1]RMC-10'!$J$5:$J$90,'RMC-SUMMARY'!C29,'[1]RMC-10'!$F$5:$F$90) -> #VALUE! | Q29: =SUM(F29:P29) -> #VALUE! | R29: 310 | S29: =+R29/Q29 -> #VALUE!
B30: 28 | C30: MACHROLI | D30: UNN | E30: CUM | G30: =SUMIF('[1]RMC-1'!$J$5:$J$42,'RMC-SUMMARY'!C30,'[1]RMC-1'!$F$5:$F$42) -> #VALUE! | H30: =SUMIF('[1]RMC-2'!$J$5:$J$89,'RMC-SUMMARY'!C30,'[1]RMC-2'!$F$5:$F$89) -> #VALUE! | I30: =SUMIF('[1]RMC-3'!$J$5:$J$54,'RMC-SUMMARY'!C30,'[1]RMC-3'!$F$5:$F$54) -> #VALUE! | J30: =SUMIF('[1]RMC-4'!$J$5:$J$63,'RMC-SUMMARY'!C30,'[1]RMC-4'!$F$5:$F$63) -> #VALUE! | K30: =SUMIF('[1]RMC-5'!$J$5:$J$85,'RMC-SUMMARY'!C30,'[1]RMC-5'!$F$5:$F$85) -> #VALUE! | L30: =SUMIF('[1]RMC-6'!$J$5:$J$92,'RMC-SUMMARY'!C30,'[1]RMC-6'!$F$5:$F$92) -> #VALUE! | M30: =SUMIF('[1]RMC-7'!$J$5:$J$90,'RMC-SUMMARY'!C30,'[1]RMC-7'!$F$5:$F$90) -> #VALUE! | N30: =SUMIF('[1]RMC-8'!$J$5:$J$90,'RMC-SUMMARY'!C30,'[1]RMC-8'!$F$5:$F$90) -> #VALUE! | O30: =SUMIF('[1]RMC-9'!$J$5:$J$90,'RMC-SUMMARY'!C30,'[1]RMC-9'!$F$5:$F$90) -> #VALUE! | P30: =SUMIF('[1]RMC-10'!$J$5:$J$90,'RMC-SUMMARY'!C30,'[1]RMC-10'!$F$5:$F$90) -> #VALUE! | Q30: =SUM(F30:P30) -> #VALUE! | R30: 760 | S30: =+R30/Q30 -> #VALUE!
B31: 29 | C31: MAMOUR | D31: KAIRANA | E31: CUM | G31: =SUMIF('[1]RMC-1'!$J$5:$J$42,'RMC-SUMMARY'!C31,'[1]RMC-1'!$F$5:$F$42) -> #VALUE! | H31: =SUMIF('[1]RMC-2'!$J$5:$J$89,'RMC-SUMMARY'!C31,'[1]RMC-2'!$F$5:$F$89) -> #VALUE! | I31: =SUMIF('[1]RMC-3'!$J$5:$J$54,'RMC-SUMMARY'!C31,'[1]RMC-3'!$F$5:$F$54) -> #VALUE! | J31: =SUMIF('[1]RMC-4'!$J$5:$J$63,'RMC-SUMMARY'!C31,'[1]RMC-4'!$F$5:$F$63) -> #VALUE! | K31: =SUMIF('[1]RMC-5'!$J$5:$J$85,'RMC-SUMMARY'!C31,'[1]RMC-5'!$F$5:$F$85) -> #VALUE! | L31: =SUMIF('[1]RMC-6'!$J$5:$J$92,'RMC-SUMMARY'!C31,'[1]RMC-6'!$F$5:$F$92) -> #VALUE! | M31: =SUMIF('[1]RMC-7'!$J$5:$J$90,'RMC-SUMMARY'!C31,'[1]RMC-7'!$F$5:$F$90) -> #VALUE! | N31: =SUMIF('[1]RMC-8'!$J$5:$J$90,'RMC-SUMMARY'!C31,'[1]RMC-8'!$F$5:$F$90) -> #VALUE! | O31: =SUMIF('[1]RMC-9'!$J$5:$J$90,'RMC-SUMMARY'!C31,'[1]RMC-9'!$F$5:$F$90) -> #VALUE! | P31: =SUMIF('[1]RMC-10'!$J$5:$J$90,'RMC-SUMMARY'!C31,'[1]RMC-10'!$F$5:$F$90) -> #VALUE! | Q31: =SUM(F31:P31) -> #VALUE! | R31: 271.95 | S31: =+R31/Q31 -> #VALUE!
B32: 30 | C32: MANAKPUR YUNISHPUR | D32: THANABHAWAN | E32: CUM | G32: =SUMIF('[1]RMC-1'!$J$5:$J$42,'RMC-SUMMARY'!C32,'[1]RMC-1'!$F$5:$F$42) -> #VALUE! | H32: =SUMIF('[1]RMC-2'!$J$5:$J$89,'RMC-SUMMARY'!C32,'[1]RMC-2'!$F$5:$F$89) -> #VALUE! | I32: =SUMIF('[1]RMC-3'!$J$5:$J$54,'RMC-SUMMARY'!C32,'[1]RMC-3'!$F$5:$F$54) -> #VALUE! | J32: =SUMIF('[1]RMC-4'!$J$5:$J$63,'RMC-SUMMARY'!C32,'[1]RMC-4'!$F$5:$F$63) -> #VALUE! | K32: =SUMIF('[1]RMC-5'!$J$5:$J$85,'RMC-SUMMARY'!C32,'[1]RMC-5'!$F$5:$F$85) -> #VALUE! | L32: =SUMIF('[1]RMC-6'!$J$5:$J$92,'RMC-SUMMARY'!C32,'[1]RMC-6'!$F$5:$F$92) -> #VALUE! | M32: =SUMIF('[1]RMC-7'!$J$5:$J$90,'RMC-SUMMARY'!C32,'[1]RMC-7'!$F$5:$F$90) -> #VALUE! | N32: =SUMIF('[1]RMC-8'!$J$5:$J$90,'RMC-SUMMARY'!C32,'[1]RMC-8'!$F$5:$F$90) -> #VALUE! | O32: =SUMIF('[1]RMC-9'!$J$5:$J$90,'RMC-SUMMARY'!C32,'[1]RMC-9'!$F$5:$F$90) -> #VALUE! | P32: =SUMIF('[1]RMC-10'!$J$5:$J$90,'RMC-SUMMARY'!C32,'[1]RMC-10'!$F$5:$F$90) -> #VALUE! | Q32: =SUM(F32:P32) -> #VALUE! | R32: 1600 | S32: =+R32/Q32 -> #VALUE!
B33: 31 | C33: MANSURA | D33: UNN | E33: CUM | G33: =SUMIF('[1]RMC-1'!$J$5:$J$42,'RMC-SUMMARY'!C33,'[1]RMC-1'!$F$5:$F$42) -> #VALUE! | H33: =SUMIF('[1]RMC-2'!$J$5:$J$89,'RMC-SUMMARY'!C33,'[1]RMC-2'!$F$5:$F$89) -> #VALUE! | I33: =SUMIF('[1]RMC-3'!$J$5:$J$54,'RMC-SUMMARY'!C33,'[1]RMC-3'!$F$5:$F$54) -> #VALUE! | J33: =SUMIF('[1]RMC-4'!$J$5:$J$63,'RMC-SUMMARY'!C33,'[1]RMC-4'!$F$5:$F$63) -> #VALUE! | K33: =SUMIF('[1]RMC-5'!$J$5:$J$85,'RMC-SUMMARY'!C33,'[1]RMC-5'!$F$5:$F$85) -> #VALUE! | L33: =SUMIF('[1]RMC-6'!$J$5:$J$92,'RMC-SUMMARY'!C33,'[1]RMC-6'!$F$5:$F$92) -> #VALUE! | M33: =SUMIF('[1]RMC-7'!$J$5:$J$90,'RMC-SUMMARY'!C33,'[1]RMC-7'!$F$5:$F$90) -> #VALUE! | N33: =SUMIF('[1]RMC-8'!$J$5:$J$90,'RMC-SUMMARY'!C33,'[1]RMC-8'!$F$5:$F$90) -> #VALUE! | O33: =SUMIF('[1]RMC-9'!$J$5:$J$90,'RMC-SUMMARY'!C33,'[1]RMC-9'!$F$5:$F$90) -> #VALUE! | P33: =SUMIF('[1]RMC-10'!$J$5:$J$90,'RMC-SUMMARY'!C33,'[1]RMC-10'!$F$5:$F$90) -> #VALUE! | Q33: =SUM(F33:P33) -> #VALUE! | R33: 2045 | S33: =+R33/Q33 -> #VALUE!
B34: 32 | C34: MANTMANTI | D34: THANABHAWAN | E34: CUM | G34: =SUMIF('[1]RMC-1'!$J$5:$J$42,'RMC-SUMMARY'!C34,'[1]RMC-1'!$F$5:$F$42) -> #VALUE! | H34: =SUMIF('[1]RMC-2'!$J$5:$J$89,'RMC-SUMMARY'!C34,'[1]RMC-2'!$F$5:$F$89) -> #VALUE! | I34: =SUMIF('[1]RMC-3'!$J$5:$J$54,'RMC-SUMMARY'!C34,'[1]RMC-3'!$F$5:$F$54) -> #VALUE! | J34: =SUMIF('[1]RMC-4'!$J$5:$J$63,'RMC-SUMMARY'!C34,'[1]RMC-4'!$F$5:$F$63) -> #VALUE! | K34: =SUMIF('[1]RMC-5'!$J$5:$J$85,'RMC-SUMMARY'!C34,'[1]RMC-5'!$F$5:$F$85) -> #VALUE! | L34: =SUMIF('[1]RMC-6'!$J$5:$J$92,'RMC-SUMMARY'!C34,'[1]RMC-6'!$F$5:$F$92) -> #VALUE! | M34: =SUMIF('[1]RMC-7'!$J$5:$J$90,'RMC-SUMMARY'!C34,'[1]RMC-7'!$F$5:$F$90) -> #VALUE! | N34: =SUMIF('[1]RMC-8'!$J$5:$J$90,'RMC-SUMMARY'!C34,'[1]RMC-8'!$F$5:$F$90) -> #VALUE! | O34: =SUMIF('[1]RMC-9'!$J$5:$J$90,'RMC-SUMMARY'!C34,'[1]RMC-9'!$F$5:$F$90) -> #VALUE! | P34: =SUMIF('[1]RMC-10'!$J$5:$J$90,'RMC-SUMMARY'!C34,'[1]RMC-10'!$F$5:$F$90) -> #VALUE! | Q34: =SUM(F34:P34) -> #VALUE! | R34: 277 | S34: =+R34/Q34 -> #VALUE!
... B48: 46 | C48: YOUSUFPUR CHOUTRA | D48: UNN | E48: CUM | G48: =SUMIF('[1]RMC-1'!$J$5:$J$42,'RMC-SUMMARY'!C48,'[1]RMC-1'!$F$5:$F$42) -> #VALUE! | H48: =SUMIF('[1]RMC-2'!$J$5:$J$89,'RMC-SUMMARY'!C48,'[1]RMC-2'!$F$5:$F$89) -> #VALUE! | I48: =SUMIF('[1]RMC-3'!$J$5:$J$54,'RMC-SUMMARY'!C48,'[1]RMC-3'!$F$5:$F$54) -> #VALUE! | J48: =SUMIF('[1]RMC-4'!$J$5:$J$63,'RMC-SUMMARY'!C48,'[1]RMC-4'!$F$5:$F$63) -> #VALUE! | K48: =SUMIF('[1]RMC-5'!$J$5:$J$85,'RMC-SUMMARY'!C48,'[1]RMC-5'!$F$5:$F$85) -> #VALUE! | L48: =SUMIF('[1]RMC-6'!$J$5:$J$92,'RMC-SUMMARY'!C48,'[1]RMC-6'!$F$5:$F$92) -> #VALUE! | M48: =SUMIF('[1]RMC-7'!$J$5:$J$90,'RMC-SUMMARY'!C48,'[1]RMC-7'!$F$5:$F$90) -> #VALUE! | N48: =SUMIF('[1]RMC-8'!$J$5:$J$90,'RMC-SUMMARY'!C48,'[1]RMC-8'!$F$5:$F$90) -> #VALUE! | O48: =SUMIF('[1]RMC-9'!$J$5:$J$90,'RMC-SUMMARY'!C48,'[1]RMC-9'!$F$5:$F$90) -> #VALUE! | P48: =SUMIF('[1]RMC-10'!$J$5:$J$90,'RMC-SUMMARY'!C48,'[1]RMC-10'!$F$5:$F$90) -> #VALUE! | Q48: =SUM(F48:P48) -> #VALUE! | R48: 375 | S48: =+R48/Q48 -> #VALUE!
B55: TOTAL | F55: =SUM(F3:F54) -> 16 | G55: =SUM(G3:G54) -> #VALUE! | H55: =SUM(H3:H54) -> #VALUE! | I55: =SUM(I3:I54) -> #VALUE! | J55: =SUM(J3:J54) -> #VALUE! | K55: =SUM(K3:K54) -> #VALUE! | L55: =SUM(L3:L54) -> #VALUE! | M55: =SUM(M3:M54) -> #VALUE! | ... R55: =SUM(R3:R54) -> 55459.45 | S55: =+R55/Q55 -> #VALUE! | U55: =R55*0.45 -> 24956.752 | V55: =R55*0.4 -> 22183.78
B56: FROM MZN | Q56: 16
B57: FROM SHIVALIK | Q57: =+Q55-Q56 -> #VALUE! | R57: =+R55-R56 -> 55459.45 | S57: =+R57/Q57 -> #VALUE!
Q59: =Q57*4700 -> #VALUE!
I60: Conversion In Rmt | Q60: =Q59/U55 -> #VALUE!
I61: Total Work done | K61: =R55 -> 55459.45 | Q61: =Q59/V55 -> #VALUE!
I62: Total Quantity of RMC | K62: =Q55 -> #VALUE!
I63: Average | K63: =K61/K62 -> #VALUE!
I64: Average Quantity in one lot | K64: =Q57/449 -> #VALUE!
I65: Average in Rmt | K65: =K63*K64 -> #VALUE!

Sheet INWARD DETAIL
B2: SARESH TRADERS
B3: AGGREGETE & CORSEND RECEIVED DETAIL
B4: S. NO. | C4: DATE | D4: VEHICLE NO. | E4: MATERIAL | F4: QTY (IN KGS) | G4: RATE | H4: AMOUNT WITH GST | I4: FOR VILLAGE | J4: BLOCK | K4: RECEIVED BY
B5: 1 | C5: 45551 | D5: TRACTOR | E5: 40MM | F5: 7060 | G5: 1.1 | H5: =+(F5*G5)+(F5*G5)*5/100 -> 8154.3 | I5: PANJEETH | J5: KAIRANA | K5: NAHID
B6: =+B5+1 -> 2 | C6: 45551 | D6: TRACTOR | E6: 40MM | F6: 6710 | G6: 1.1 | H6: =+(F6*G6)+(F6*G6)*5/100 -> 7750.05 | I6: PANJEETH | J6: KAIRANA | K6: NAHID
B7: =+B6+1 -> 3 | C7: 45559 | D7: TRACTOR | E7: 40MM | F7: 6520 | G7: 1.1 | H7: =+(F7*G7)+(F7*G7)*5/100 -> 7530.6 | I7: PANJEETH | J7: KAIRANA | K7: NAHID
B8: =+B7+1 -> 4 | C8: 45560 | D8: HR58C-4420 | E8: 40MM | F8: 49125 | G8: 0.94 | H8: =+(F8*G8)+(F8*G8)*5/100 -> 48486.375 | I8: JANIPUR | J8: THANABHAWAN | K8: KP SIR
B9: =+B8+1 -> 5 | C9: 45560 | D9: HR58C-4734 | E9: 40MM | F9: 50870 | G9: 0.94 | H9: =+(F9*G9)+(F9*G9)*5/100 -> 50208.69 | I9: JALALABAD RURAL | J9: THANABHAWAN | K9: KP SIR
B10: =+B9+1 -> 6 | C10: 45560 | D10: TRACTOR | E10: 40MM | F10: 5940 | G10: 1.1 | H10: =+(F10*G10)+(F10*G10)*5/100 -> 6860.7 | I10: PANJEETH | J10: KAIRANA | K10: NAHID
B11: =+B10+1 -> 7 | C11: 45561 | D11: TRACTOR | E11: 40MM | F11: 6470 | G11: 1.1 | H11: =+(F11*G11)+(F11*G11)*5/100 -> 7472.85 | I11: PANJEETH | J11: KAIRANA | K11: NAHID
B12: =+B11+1 -> 8 | C12: 45561 | D12: TRACTOR | E12: 40MM | F12: 6520 | G12: 1.1 | H12: =+(F12*G12)+(F12*G12)*5/100 -> 7530.6 | I12: GAGOUR | J12: UNN | K12: NAYAN
B13: =+B12+1 -> 9 | C13: 45561 | D13: TRACTOR | E13: 40MM | F13: 6200 | G13: 1.1 | H13: =+(F13*G13)+(F13*G13)*5/100 -> 7161 | I13: PANJEETH | J13: KAIRANA | K13: NAHID
B14: =+B13+1 -> 10 | C14: 45561 | D14: HR58C-4420 | E14: 40MM | F14: 50185 | G14: 0.94 | H14: =+(F14*G14)+(F14*G14)*5/100 -> 49532.595 | I14: KHEDA GADAI | J14: THANABHAWAN | K14: DEEPAK
B15: =+B14+1 -> 11 | C15: 45561 | D15: UP11BT-8566 | E15: 40MM | F15: 47145 | G15: 0.94 | H15: =+(F15*G15)+(F15*G15)*5/100 -> 46532.115 | I15: PALTHERI | J15: THANABHAWAN | K15: DEEPAK
B16: =+B15+1 -> 12 | C16: 45561 | D16: HR58D-0232 | E16: 40MM | F16: 54875 | G16: 0.94 | H16: =+(F16*G16)+(F16*G16)*5/100 -> 54161.625 | I16: BHANERAUDDA | J16: THANABHAWAN | K16: DEEPAK
B17: =+B16+1 -> 13 | C17: 45561 | D17: HR58D-9925 | E17: 40MM | F17: 51505 | G17: 0.94 | H17: =+(F17*G17)+(F17*G17)*5/100 -> 50835.435 | I17: DHAKORI JAMALPUR | J17: THANABHAWAN | K17: DEEPAK
... B45: =+B44+1 -> 41 | C45: 45566 | D45: TRACTOR | E45: 40MM | F45: 5590 | G45: 1.1 | H45: =+(F45*G45)+(F45*G45)*5/100 -> 6456.45 | I45: PANJEETH | J45: KAIRANA | K45: NAHID
B46: =+B45+1 -> 42 | C46: 45566 | D46: HR58B-6178 | E46: 40MM | F46: =53410-15810 -> 37600 | G46: 0.94 | H46: =+(F46*G46)+(F46*G46)*5/100 -> 37111.2 | I46: MIYAN KASBA | J46: UNN | K46: NAYAN
B47: =+B46+1 -> 43 | C47: 45566 | E47: 40MM | F47: 15810 | G47: 0.94 | H47: =+(F47*G47)+(F47*G47)*5/100 -> 15604.47 | I47: BALLAMAJRA | J47: UNN | K47: NAYAN
B48: =+B47+1 -> 44 | C48: 45567 | D48: HR58D-3424 | E48: 40MM | F48: 54610 | G48: 0.94 | H48: =+(F48*G48)+(F48*G48)*5/100 -> 53900.07 | I48: HASANPUR | J48: UNN | K48: NAYAN
B49: =+B48+1 -> 45 | C49: 45567 | D49: HR58D-9925 | E49: 40MM | F49: =51845/2 -> 25922.5 | G49: 0.94 | H49: =+(F49*G49)+(F49*G49)*5/100 -> 25585.507 | I49: NOJAL NAJLI | J49: THANABHAWAN | K49: DEEPAK/HALF
E50: 40MM | F50: =51845/2 -> 25922.5 | G50: 0.94 | H50: =+(F50*G50)+(F50*G50)*5/100 -> 25585.507 | I50: MANTMANTI | J50: THANABHAWAN | K50: DEEPAK/HALF
B51: =+B49+1 -> 46 | C51: 45567 | D51: HR58D-9524 | E51: 40MM | F51: 51930 | G51: 0.94 | H51: =+(F51*G51)+(F51*G51)*5/100 -> 51254.91 | I51: KAJIPUR THIRWA | J51: THANABHAWAN | K51: DEEPAK
B52: =+B51+1 -> 47 | C52: 45567 | D52: HR58C-5362 | E52: 40MM | F52: 49380 | G52: 0.94 | H52: =+(F52*G52)+(F52*G52)*5/100 -> 48738.06 | I52: DOKHPURA | J52: UNN | K52: NAYAN
B53: =+B52+1 -> 48 | C53: 45567 | D53: HR58E-6178 | E53: 40MM | F53: 53510 | G53: 0.94 | H53: =+(F53*G53)+(F53*G53)*5/100 -> 52814.37 | I53: ODRI FATHEPUR | J53: UNN | K53: NAYAN
B54: =+B53+1 -> 49 | C54: 45568 | D54: - | E54: - | F54: - | G54: - | H54: - | I54: - | J54: - | K54: -
B55: =+B54+1 -> 50 | C55: 45569 | D55: HR58C-4420 | E55: 40MM | F55: 49860 | G55: 0.94 | H55: =+(F55*G55)+(F55*G55)*5/100 -> 49211.82 | I55: PALTHERI | J55: THANABHAWAN | K55: DEEPAK
B56: =+B55+1 -> 51 | C56: 45570 | D56: HR58D-3143 | E56: 40MM | F56: 55530 | G56: 0.94 | H56: =+(F56*G56)+(F56*G56)*5/100 -> 54808.11 | I56: AMBHETA ASADPUR | J56: KANDHLA | K56: RAHUL
B57: =+B56+1 -> 52 | C57: 45570 | D57: TRACTOR | E57: 40MM | F57: 5710 | G57: 1.1 | H57: =+(F57*G57)+(F57*G57)*5/100 -> 6595.05 | I57: MAMOUR | J57: KAIRANA | K57: NAHID
B58: =+B57+1 -> 53 | C58: 45570 | D58: TRACTOR | E58: 40MM | F58: 6030 | G58: 1.1 | H58: =+(F58*G58)+(F58*G58)*5/100 -> 6964.65 | I58: MAMOUR | J58: KAIRANA | K58: NAHID
B59: =+B58+1 -> 54 | C59: 45570 | D59: UP11BT-8566 | E59: 40MM | F59: 47290 | G59: 0.94 | H59: =+(F59*G59)+(F59*G59)*5/100 -> 46675.23 | I59: KHANPUR | J59: SHAMLI | K59: VIKRANT
B60: =+B59+1 -> 55 | C60: 45570 | D60: TRACTOR | E60: 10MM | F60: 10165 | G60: 1.1 | H60: =+(F60*G60)+(F60*G60)*5/100 -> 11740.575 | I60: AKARPUR FUSHGARH | J60: UNN | K60: ANKIT SAINI
B61: =+B60+1 -> 56 | C61: 45570 | D61: TRACTOR | E61: CORSEND | F61: 10015 | G61: 1.1 | H61: =+(F61*G61)+(F61*G61)*5/100 -> 11567.325 | I61: AKARPUR FUSHGARH | J61: UNN | K61: ANKIT SAINI
B62: =+B61+1 -> 57 | C62: 45571 | D62: TRACTOR | E62: 40MM | F62: 5780 | G62: 1.1 | H62: =+(F62*G62)+(F62*G62)*5/100 -> 6675.9 | I62: BENRA | J62: KAIRANA | K62: NAHID
B63: =+B62+1 -> 58 | C63: 45572 | D63: HR58C-4844 | E63: CORSEND | F63: 64495 | G63: 0.94 | H63: =+(F63*G63)+(F63*G63)*5/100 -> 63656.565 | I63: SUBRI | J63: UNN | K63: NAYAN
B64: =+B63+1 -> 59 | C64: 45572 | D64: HR58D-9524 | E64: 40MM | F64: 52100 | G64: 0.94 | H64: =+(F64*G64)+(F64*G64)*5/100 -> 51422.7 | I64: BHANERAUDDA | J64: THANABHAWAN | K64: DEEPAK
B65: =+B64+1 -> 60 | C65: 45572 | D65: UP11BT-8566 | E65: 20MM | F65: 49195 | G65: 0.94 | H65: =+(F65*G65)+(F65*G65)*5/100 -> 48555.465 | I65: AMBHETA ASADPUR | J65: KANDHLA | K65: KARTIK
B66: =+B65+1 -> 61 | C66: 45572 | D66: HR58E-7189 | E66: CORSEND | F66: 60290 | G66: 0.94 | H66: =+(F66*G66)+(F66*G66)*5/100 -> 59506.23 | I66: DOKHPURA | J66: UNN | K66: NAYAN
... B79: =+B78+1 -> 74 | C79: 45576 | D79: HR58C-5362 | E79: CORSEND | F79: 30152 | G79: 0.94 | H79: =+(F79*G79)+(F79*G79)*5/100 -> 29760.024 | I79: AKARPUR FUSHGARH | J79: UNN | K79: ANKIT SAINI
B80: =+B79+1 -> 75 | C80: 45576 | E80: 20MM | F80: =+F79 -> 30152 | G80: 0.94 | H80: =+(F80*G80)+(F80*G80)*5/100 -> 29760.024 | I80: AKARPUR FUSHGARH | J80: UNN | K80: ANKIT SAINI
B81: =+B80+1 -> 76 | C81: 45576 | D81: HR58E-6261 | E81: CORSEND | F81: 66200 | G81: 0.94 | H81: =+(F81*G81)+(F81*G81)*5/100 -> 65339.4 | I81: KARORI MEHARAMPUR | J81: SHAMLI | K81: VIKRANT
B82: =+B81+1 -> 77 | C82: 45577 | D82: HR58D-3979 | E82: 40MM | F82: 59760 | G82: 0.94 | H82: =+(F82*G82)+(F82*G82)*5/100 -> 58983.12 | I82: GOHARPUR | J82: SHAMLI | K82: VIKRANT
B83: =+B82+1 -> 78 | C83: 45578 | D83: HR58D-7492 | E83: 40MM | F83: 15625 | G83: 1.1 | H83: =+(F83*G83)+(F83*G83)*5/100 -> 18046.875 | I83: GOGWAN | J83: KAIRANA | K83: NAHID
B84: =+B83+1 -> 79 | C84: 45579 | D84: HR58E-6169 | E84: 40MM | F84: 54200 | G84: 0.94 | H84: =+(F84*G84)+(F84*G84)*5/100 -> 53495.4 | I84: KERTU | J84: UNN | K84: NAYAN
B85: =+B84+1 -> 80 | C85: 45579 | D85: HR58D-7492 | E85: 40MM | F85: 56435 | G85: 0.94 | H85: =+(F85*G85)+(F85*G85)*5/100 -> 55701.345 | I85: PAOTIKALAN | J85: KAIRANA | K85: NAHID
B86: =+B85+1 -> 81 | C86: 45579 | D86: TRACTOR | E86: 40MM | F86: 9870 | G86: 1.1 | H86: =+(F86*G86)+(F86*G86)*5/100 -> 11399.85 | I86: PANJEETH | J86: KAIRANA | K86: NAHID
B87: =+B86+1 -> 82 | C87: 45580 | D87: HR58D-7492 | E87: 40MM | F87: 55030 | G87: 0.94 | H87: =+(F87*G87)+(F87*G87)*5/100 -> 54314.61 | I87: YOUSUFPUR CHOUTRA | J87: UNN | K87: NAYAN
B88: =+B87+1 -> 83 | C88: 45582 | D88: HR58C-4734 | E88: 40MM | F88: 58470 | G88: 0.94 | H88: =+(F88*G88)+(F88*G88)*5/100 -> 57709.89 | I88: NOJAL NAJLI | J88: THANABHAWAN | K88: DEEPAK
B89: =+B88+1 -> 84 | C89: 45582 | D89: TRACTOR | E89: 40MM | F89: 9130 | G89: 1.1 | H89: =+(F89*G89)+(F89*G89)*5/100 -> 10545.15 | I89: PANJEETH | J89: KAIRANA | K89: NAHID
B90: =+B89+1 -> 85 | C90: 45582 | D90: HR58E-6178 | E90: 40MM | F90: 52550 | G90: 0.94 | H90: =+(F90*G90)+(F90*G90)*5/100 -> 51866.85 | I90: BASSI CHUNDIYARI | J90: UNN | K90: NAYAN
B91: =+B90+1 -> 86 | C91: 45583 | D91: HR58B-6178 | E91: 40MM | F91: 56250 | G91: 0.94 | H91: =+(F91*G91)+(F91*G91)*5/100 -> 55518.75 | I91: DOKHPURA | J91: UNN | K91: NAYAN
B92: =+B91+1 -> 87 | C92: 45584 | D92: HR58C-5362 | E92: 40MM | F92: =23800-7887.2 -> 15912.8 | G92: 0.94 | H92: =+(F92*G92)+(F92*G92)*5/100 -> 15705.934 | I92: AKARPUR FUSHGARH | J92: UNN | K92: ANKIT SAINI
E93: 40MM | F93: =53895-23800+7887.2 -> 37982.2 | G93: 0.94 | H93: =+(F93*G93)+(F93*G93)*5/100 -> 37488.431 | I93: MUNDET KHADAR | J93: UNN | K93: NAYAN
B94: =+B92+1 -> 88 | C94: 45585 | D94: HR58C-5362 | E94: 20MM | F94: 53400 | G94: 0.94 | H94: =+(F94*G94)+(F94*G94)*5/100 -> 52705.8 | I94: AKARPUR FUSHGARH | J94: UNN | K94: ANKIT SAINI
B95: =+B94+1 -> 89 | C95: 45585 | D95: HR58E-6178 | E95: 40MM | F95: 51465 | G95: 0.94 | H95: =+(F95*G95)+(F95*G95)*5/100 -> 50795.955 | I95: KHANPUR JATTAN | J95: UNN | K95: NAYAN
B96: =+B95+1 -> 90 | C96: 45586 | D96: TRACTOR | E96: 40MM | F96: 10280 | G96: 1.1 | H96: =+(F96*G96)+(F96*G96)*5/100 -> 11873.4 | I96: PANJEETH | J96: KAIRANA | K96: NAHID
B97: =+B96+1 -> 91 | C97: 45586 | D97: HR58E-2931 | E97: CORSEND | F97: 55365 | G97: 0.94 | H97: =+(F97*G97)+(F97*G97)*5/100 -> 54645.255 | I97: AKARPUR FUSHGARH | J97: UNN | K97: ANKIT SAINI
B98: =+B97+1 -> 92 | C98: 45589 | D98: HR58D-9524 | E98: 40MM | F98: 51700 | G98: 0.94 | H98: =+(F98*G98)+(F98*G98)*5/100 -> 51027.9 | I98: BUNTA | J98: THANABHAWAN | K98: DEEPAK
B99: =+B98+1 -> 93 | C99: 45591 | D99: TRACTOR | E99: 40MM | F99: 5240 | G99: 1.1 | H99: =+(F99*G99)+(F99*G99)*5/100 -> 6052.2 | I99: GOGWAN | J99: KAIRANA | K99: NAHID
B100: =+B99+1 -> 94 | C100: 45591 | D100: TRACTOR | E100: 40MM | F100: 5375 | G100: 1.1 | H100: =+(F100*G100)+(F100*G100)*5/100 -> 6208.125 | I100: GOGWAN | J100: KAIRANA | K100: NAHID
B101: =+B100+1 -> 95 | C101: 45591 | D101: TRACTOR | E101: 40MM | F101: 10985 | G101: 1.1 | H101: =+(F101*G101)+(F101*G101)*5/100 -> 12687.675 | I101: MAWI AHT. TIMLI | J101: KAIRANA | K101: NAHID
B102: =+B101+1 -> 96 | C102: 45592 | D102: HR69C-5765 | E102: 40MM | F102: 52380 | G102: 0.94 | H102: =+(F102*G102)+(F102*G102)*5/100 -> 51699.06 | I102: KHANPUR JATTAN | J102: UNN | K102: NAYAN
B103: =+B102+1 -> 97 | C103: 45592 | D103: TRACTOR | E103: 40MM | F103: 10965 | G103: 0 | H103: =+(F103*G103)+(F103*G103)*5/100 -> 0 | I103: NAGLA RAI | J103: KAIRANA | K103: NAHID
B104: =+B103+1 -> 98 | C104: 45594 | D104: TRACTOR | E104: 40MM | F104: 6405 | G104: 1.1 | H104: =+(F104*G104)+(F104*G104)*5/100 -> 7397.775 | I104: UNCHAGAON | J104: KAIRANA | K104: NAHID
B105: =+B104+1 -> 99 | C105: 45594 | D105: TRACTOR | E105: 40MM | F105: 5890 | G105: 1.1 | H105: =+(F105*G105)+(F105*G105)*5/100 -> 6802.95 | I105: UNCHAGAON | J105: KAIRANA | K105: NAHID
B106: =+B105+1 -> 100 | C106: 45594 | D106: TRACTOR | E106: 40MM | F106: 5590 | G106: 1.1 | H106: =+(F106*G106)+(F106*G106)*5/100 -> 6456.45 | I106: KHERA KURTAN | J106: KANDHLA | K106: KARTIK
... B112: =+B111+1 -> 106 | C112: 45594 | D112: TRACTOR | E112: 40MM | F112: 5140 | G112: 1.1 | H112: =+(F112*G112)+(F112*G112)*5/100 -> 5936.7 | I112: DARGHAPUR | J112: UNN | K112: NAYAN
B113: =+B112+1 -> 107 | C113: =+C104+1 -> 45595 | D113: TRACTOR | E113: CORSEND | F113: 5720 | G113: 1.1 | H113: =+(F113*G113)+(F113*G113)*5/100 -> 6606.6 | I113: DARGHAPUR | J113: UNN | K113: NAYAN
B114: =+B113+1 -> 108 | C114: =+C105+1 -> 45595 | D114: HR58D-7492 | E114: 40MM | F114: 55795 | G114: 0.94 | H114: =+(F114*G114)+(F114*G114)*5/100 -> 55069.665 | I114: UDPUR | J114: UNN | K114: NAYAN
B115: =+B114+1 -> 109 | C115: =+C113+1 -> 45596 | D115: TRACTOR | E115: 40MM | F115: 6160 | G115: 1.1 | H115: =+(F115*G115)+(F115*G115)*5/100 -> 7114.8 | I115: NAGLA RAI | J115: KAIRANA | K115: NAHID
B116: =+B115+1 -> 110 | C116: =+C115+1 -> 45597 | D116: TRACTOR | E116: 40MM | F116: 6340 | G116: 1.1 | H116: =+(F116*G116)+(F116*G116)*5/100 -> 7322.7 | I116: NAGLA RAI | J116: KAIRANA | K116: NAHID
B117: =+B116+1 -> 111 | C117: 45600 | D117: TRACTOR | E117: 40MM | F117: 6460 | G117: 1.1 | H117: =+(F117*G117)+(F117*G117)*5/100 -> 7461.3 | I117: ALIPUR | J117: KAIRANA | K117: NAHID
B118: =+B117+1 -> 112 | C118: 45601 | D118: TRACTOR | E118: 40MM | F118: 6140 | G118: 1.1 | H118: =+(F118*G118)+(F118*G118)*5/100 -> 7091.7 | I118: ALIPUR | J118: KAIRANA | K118: NAHID
B119: =+B118+1 -> 113 | C119: 45602 | D119: HR58E-6178 | E119: 40MM | F119: 60290 | G119: 0.94 | H119: =+(F119*G119)+(F119*G119)*5/100 -> 59506.23 | I119: KHANPUR JATTAN | J119: UNN | K119: ASHWANI
B120: =+B119+1 -> 114 | C120: 45603 | D120: TRACTOR | E120: 40MM | F120: 5395 | G120: 1.1 | H120: =+(F120*G120)+(F120*G120)*5/100 -> 6231.225 | I120: UNCHAGAON | J120: KAIRANA | K120: NAHID
B121: =+B120+1 -> 115 | C121: 45603 | D121: TRACTOR | E121: 40MM | F121: 5750 | G121: 1.1 | H121: =+(F121*G121)+(F121*G121)*5/100 -> 6641.25 | I121: ALIPUR | J121: KAIRANA | K121: NAHID
B122: =+B121+1 -> 116 | C122: 45603 | D122: TRACTOR | E122: 40MM | F122: 6710 | G122: 1.1 | H122: =+(F122*G122)+(F122*G122)*5/100 -> 7750.05 | I122: MAMOUR | J122: KAIRANA | K122: NAHID
B123: =+B122+1 -> 117 | C123: 45603 | D123: TRACTOR | E123: 40MM | F123: 5730 | G123: 1.1 | H123: =+(F123*G123)+(F123*G123)*5/100 -> 6618.15 | I123: ALIPUR | J123: KAIRANA | K123: NAHID
B124: =+B123+1 -> 118 | C124: 45603 | D124: TRACTOR | E124: 40MM | F124: 6925 | G124: 1.1 | H124: =+(F124*G124)+(F124*G124)*5/100 -> 7998.375 | I124: DARGHAPUR | J124: KAIRANA | K124: NAHID
B125: =+B124+1 -> 119 | C125: 45604 | D125: TRACTOR | E125: 40MM | F125: 6510 | G125: 1.1 | H125: =+(F125*G125)+(F125*G125)*5/100 -> 7519.05 | I125: ALIPUR | J125: KAIRANA | K125: NAHID
B126: =+B125+1 -> 120 | C126: 45604 | D126: TRACTOR | E126: 40MM | F126: 5510 | G126: 1.1 | H126: =+(F126*G126)+(F126*G126)*5/100 -> 6364.05 | I126: ALIPUR | J126: KAIRANA | K126: NAHID
B127: =+B126+1 -> 121 | C127: 45604 | D127: TRACTOR | E127: 40MM | F127: 5915 | G127: 1.1 | H127: =+(F127*G127)+(F127*G127)*5/100 -> 6831.825 | I127: GOGWAN | J127: KAIRANA | K127: NAHID
B128: =+B127+1 -> 122 | C128: 45604 | D128: TRACTOR | E128: 40MM | F128: 5365 | G128: 1.1 | H128: =+(F128*G128)+(F128*G128)*5/100 -> 6196.575 | I128: GOGWAN | J128: KAIRANA | K128: NAHID
B129: =+B128+1 -> 123 | C129: 45605 | D129: TRACTOR | E129: 40MM | F129: 5170 | G129: 1.1 | H129: =+(F129*G129)+(F129*G129)*5/100 -> 5971.35 | I129: UNCHAGAON
B130: =+B129+1 -> 124 | C130: 45609 | D130: TRACTOR | E130: 40MM | F130: 6060 | G130: 1.1 | H130: =+(F130*G130)+(F130*G130)*5/100 -> 6999.3 | I130: ALIPUR | J130: KAIRANA | K130: NAHID
B131: =+B130+1 -> 125 | C131: 45610 | D131: TRACTOR | E131: 40MM | F131: 6710 | G131: 1.1 | H131: =+(F131*G131)+(F131*G131)*5/100 -> 7750.05 | I131: ALIPUR | J131: KAIRANA | K131: NAHID
B132: =+B131+1 -> 126 | C132: 45610 | D132: HR58D-0232 | E132: 40MM | F132: 57530 | G132: 0.94 | H132: =+(F132*G132)+(F132*G132)*5/100 -> 56782.11 | I132: BHANERAUDDA | J132: THANABHAWAN | K132: DEEPAK
B133: =+B132+1 -> 127 | C133: 45611 | D133: TRACTOR | E133: 40MM | F133: 6210 | G133: 1.1 | H133: =+(F133*G133)+(F133*G133)*5/100 -> 7172.55 | I133: ALIPUR | J133: KAIRANA | K133: NAHID
B134: =+B133+1 -> 128 | C134: 45611 | D134: TRACTOR | E134: 40MM | F134: 5710 | G134: 1.1 | H134: =+(F134*G134)+(F134*G134)*5/100 -> 6595.05 | I134: ALIPUR | J134: KAIRANA | K134: NAHID
B135: =+B134+1 -> 129 | C135: 45613 | D135: TRACTOR | E135: 40MM | F135: 6010 | G135: 1.1 | H135: =+(F135*G135)+(F135*G135)*5/100 -> 6941.55 | I135: ALIPUR | J135: KAIRANA | K135: NAHID
B136: =+B135+1 -> 130 | C136: 45614 | D136: TRACTOR | E136: 40MM | F136: 5910 | G136: 1.1 | H136: =+(F136*G136)+(F136*G136)*5/100 -> 6826.05 | I136: ALIPUR | J136: KAIRANA | K136: NAHID
B137: =+B136+1 -> 131 | C137: 45615 | D137: TRACTOR | E137: 40MM | F137: 6180 | G137: 1.1 | H137: =+(F137*G137)+(F137*G137)*5/100 -> 7137.9 | I137: ALIPUR | J137: KAIRANA | K137: NAHID
B138: =+B137+1 -> 132 | C138: 45615 | D138: TRACTOR | E138: 40MM | F138: 6580 | G138: 1.1 | H138: =+(F138*G138)+(F138*G138)*5/100 -> 7599.9 | I138: UNCHAGAON
B139: =+B138+1 -> 133 | C139: 45616 | D139: TRACTOR | E139: 40MM | F139: 6050 | G139: 1.1 | H139: =+(F139*G139)+(F139*G139)*5/100 -> 6987.75 | I139: ALIPUR | J139: KAIRANA | K139: NAHID
B140: =+B139+1 -> 134 | C140: 45617 | D140: TRACTOR | E140: 40MM | F140: 7010 | G140: 1.1 | H140: =+(F140*G140)+(F140*G140)*5/100 -> 8096.55 | I140: ALIPUR | J140: KAIRANA | K140: NAHID
B141: =+B140+1 -> 135 | C141: 45617 | D141: TRACTOR | E141: 40MM | F141: 6530 | G141: 1.1 | H141: =+(F141*G141)+(F141*G141)*5/100 -> 7542.15 | I141: ALIPUR | J141: KAIRANA | K141: NAHID
B142: =+B141+1 -> 136 | C142: 45617 | D142: HR58D-9524 | E142: 40MM | F142: =50900/2 -> 25450 | G142: 0.94 | H142: =+(F142*G142)+(F142*G142)*5/100 -> 25119.15 | I142: ALIPUR UMERPUR | J142: THANABHAWAN | K142: DEEPAK
B143: =+B142+1 -> 137 | F143: =50900/2 -> 25450 | G143: 0.94 | H143: =+(F143*G143)+(F143*G143)*5/100 -> 25119.15 | I143: BIBIPUR JALALABAD | J143: THANABHAWAN | K143: DEEPAK
B156: TOTAL | F156: =SUM(F5:F154)-F19-F103 -> 3927204 | H156: =SUM(H5:H154) -> 3953651.3
B157: PAYMENT | H157: =250000+150000+150000+500000+300000+500000+300000+500000+300000+300000+100000+200000+200000 -> 3750000
...
